 Dungeon Crawl Stone Soup version 0.27-a0-637-g3a9f0a9c12 (webtiles) character file.

Game seed: 15597298673323951352

1001086 Rildar the Conqueror (level 27, -28/199 HPs)
             Began as a Gargoyle Earth Elementalist on Mar 15, 2021.
             Was the Champion of Vehumet.
             Killed from afar by a Hell Sentinel (80 damage)
             ... with an iron shot
             ... on level 21 of a ziggurat.
             The game lasted 04:08:05 (94338 turns).

Rildar the Conqueror (Gargoyle Earth Elementalist) Turns: 94338, Time: 04:08:05

Health: -28/199    AC: 36    Str: 23    XL:     27
Magic:  59/59      EV: 16    Int: 44    God:    Vehumet [******]
Gold:   9486       SH: 16    Dex:  9    Spells: 18/80 levels left

rFire    + + +     SeeInvis +   D - +11 flail of the Harvest {venom, Str+5 Dex-3}
rCold    + + .     Faith    .   O - +2 shield of Resistance {rF++ rC++ Will++}
rNeg     + + +     Spirit   .   S - +3 leather armour "Xeck" {+Blink Int+3}
rPois    ∞         Reflect  .   (helmet restricted)
rElec    +         Harm     .   A - +2 cloak {rCorr}
rCorr    +         Rampage  .   R - +0 pair of gloves of the Orange Skies {rF++}
Will     ++++.                  M - +3 pair of boots of the Guardian {rCorr}
Stlth    +++++++...             L - amulet of Newki {RegenMP rN++}
HPRegen  0.43/turn              y - ring of Nat Wots {Str+3 Int+6 Dex+4}
MPRegen  0.61/turn              t - ring "Moet" {Wiz Int+9 Dex-2 Slay+2 SInv}

@: flying, studying 7 skills
A: AC +20, big wings, negative energy resistance 1, electricity resistance,
torment resistance 1, unbreathing 1, petrification resistance, horns 1, thin
skeletal structure 1, see invisible, clumsy 1, high mp 1, sense surroundings 1,
screaming 1
}: 5/15 runes: decaying, serpentine, slimy, silver, abyssal
a: Stop Flying, Renounce Religion, Evoke Blink


You were on level 21 of a ziggurat.
You worshipped Vehumet.
Vehumet was exalted by your worship.
You visited 11 branches of the dungeon, and saw 53 of its levels.
You visited the Abyss 2 times.
You visited 1 bazaar.
You visited 2 ziggurats (completing 1), and saw 48 of their levels.
You also visited: Ice Cave.

You collected 14043 gold pieces.
You spent 4557 gold pieces at shops.

Inventory:

Hand Weapons
 c - a +9 vorpal demon whip
 D - the +11 flail of the Harvest (weapon) {venom, Str+5 Dex-3}
   (You took it off a deep elf pyromancer on level 3 of the Elven Halls)

   It poisons the flesh of those it strikes.
   It affects your strength (+5).
   It affects your dexterity (-3).
 H - the +4 mace of War {venom, +Inv Int+3}
   (You took it off a deep elf sorcerer on level 3 of the Elven Halls)

   It poisons the flesh of those it strikes.
   It affects your intelligence (+3).
   It lets you turn invisible.
 W - a +9 spectral eveningstar
Armour
 p - the +5 pair of boots "Xaelaig" {rC+++ Will- rCorr Int-3}
   (You found it on level 3 of a ziggurat)

   It affects your intelligence (-3).
   It renders you almost immune to cold.
   It affects your willpower, your defense against some magical effects.
   It provides partial protection from all sources of acid and corrosion.
 q - the -4 helmet of Zin's Castigation {Harm *Corrode rC+++ Will-}
   (You found it on level 9 of a ziggurat)

   It renders you almost immune to cold.
   It affects your willpower, your defense against some magical effects.
   It may corrode you when you take damage.
   It increases damage dealt and taken.
 A - a +2 cloak of preservation (worn)
 B - a +2 helmet of intelligence
 M - the +3 pair of boots of the Guardian (worn) {rCorr}
   (You found it on level 4 of the Lair of Beasts)

   It provides partial protection from all sources of acid and corrosion.
 O - the +2 shield of Resistance (worn) {rF++ rC++ Will++}
   (You acquired it on level 15 of a ziggurat)

   It greatly protects you from fire.
   It greatly protects you from cold.
   It affects your willpower, your defense against some magical effects.
 R - the +0 pair of gloves of the Orange Skies (worn) {rF++}
   (You found it on level 3 of the Elven Halls)

   It greatly protects you from fire.
 S - the +3 leather armour "Xeck" (worn) {+Blink Int+3}
   (You found it on level 22 of a ziggurat)

   It affects your intelligence (+3).
   It lets you blink.
Jewellery
 r - the amulet of the Dancing Genius {+Inv rF+ Regen+ SInv}
   (You found it on level 24 of a ziggurat)

   [amulet of regeneration]

   It protects you from fire.
   It lets you see invisible.
   It lets you turn invisible.
   It increases your rate of regeneration.
 s - the ring "Zadidoh" {Will- rCorr Int+7 Dex+5}
   (You found it on level 12 of a ziggurat)

   [ring of resist corrosion]

   It affects your intelligence (+7).
   It affects your dexterity (+5).
   It affects your willpower, your defense against some magical effects.
   It provides partial protection from all sources of acid and corrosion.
 t - the ring "Moet" (left hand) {Wiz Int+9 Dex-2 Slay+2 SInv}
   (You found it on level 16 of a ziggurat)

   [ring of wizardry]

   It improves your spell success rate.
   It affects your intelligence (+9).
   It affects your dexterity (-2).
   It affects your accuracy and damage with ranged weapons and melee attacks
   (+2).
   It lets you see invisible.
 v - the ring "Guoc" {Wiz Dex+4}
   (You found it on level 9 of a ziggurat)

   [ring of wizardry]

   It improves your spell success rate.
   It affects your dexterity (+4).
 y - the ring of Nat Wots (right hand) {Str+3 Int+6 Dex+4}
   (You found it on level 4 of the Lair of Beasts)

   [ring of intelligence]

   It affects your strength (+3).
   It affects your intelligence (+6).
   It affects your dexterity (+4).
 z - the ring of Para {*Slow Str+6 Int+4 Slay+4}
   (You found it on level 18 of a ziggurat)

   [ring of slaying]

   It affects your strength (+6).
   It affects your intelligence (+4).
   It affects your accuracy and damage with ranged weapons and melee attacks
   (+4).
   It may slow you when you take damage.
 E - the ring "Resmis" {rC+ Will+ MP+9 Int+5 Dex+2}
   (You found it on level 20 of a ziggurat)

   [ring of magical power]

   It affects your intelligence (+5).
   It affects your dexterity (+2).
   It protects you from cold.
   It affects your willpower, your defense against some magical effects.
   It affects your magic capacity (+9).
 L - the amulet of Newki (around neck) {RegenMP rN++}
   (You found it on level 14 of a ziggurat)

   [amulet of magic regeneration]

   It increases your magic regeneration.
   It greatly protects you from negative energy.
 N - a ring of the Octopus King {AC+1 EV+1 Str+1 Int+1 Dex+1 SInv}
   (You took it off a deep elf sorcerer on level 3 of the Elven Halls)

   [ring of see invisible]

   It affects your AC (+1).
   It affects your evasion (+1).
   It affects your strength (+1).
   It affects your intelligence (+1).
   It affects your dexterity (+1).
   It lets you see invisible.
Wands
 Y - a wand of acid (61)
Scrolls
 e - 8 scrolls of holy word
 f - 43 scrolls of teleportation
 i - 13 scrolls of enchant weapon
 k - 17 scrolls of amnesia
 l - 6 scrolls of magic mapping
 u - 3 scrolls of enchant armour
 w - 77 scrolls of identify
 F - 29 scrolls of fog
 Q - 16 scrolls of blinking
Potions
 a - a potion of magic
 d - 5 potions of haste
 g - 2 potions of resistance
 h - 14 potions of cancellation
 j - 34 potions of mutation
 o - 8 potions of might
 C - 4 potions of brilliance
 I - 5 potions of berserk rage
 K - 17 potions of heal wounds
 U - 14 potions of curing
 Z - 4 potions of ambrosia
Miscellaneous
 b - a tin of tremorstones (2/2)
 m - a phantom mirror
 n - a lightning rod (4/4)
 x - a condenser vane
 J - a phial of floods


   Skills:
 O Level 27 Fighting
 - Level 16.0 Maces & Flails
 - Level 6.0 Armour
 - Level 15.0 Dodging
 - Level 16.9 Stealth
 - Level 15.0 Shields
 O Level 27 Spellcasting
 + Level 23.1 Conjurations
 - Level 0.7 Transmutations
 O Level 27 Fire Magic
 - Level 15.0 Ice Magic
 O Level 27 Earth Magic
 - Level 10.2 Evocations


You had 18 spell levels left.
You knew the following spells:

 Your Spells              Type           Power      Damage    Failure   Level
a - Shatter               Erth           69%        3d51*     1%          9
b - Stone Arrow           Conj/Erth      100%       3d13      0%          3
c - Lee's Rapid Deconstr  Erth           69%        3d32*     0%          5
d - Lehudib's Crystal Sp  Conj/Erth      68%        10d15     1%          8
e - Bolt of Magma         Conj/Fire/Erth 68%        4d26      0%          5
f - Fire Storm            Conj/Fire      68%        8d17      1%          9
g - Ignition              Fire           69%        3d18      1%          8
h - Starburst             Conj/Fire      68%        8x6d18    0%          6
i - Absolute Zero         Ice            56%        ∞         7%          9

Your spell library contained the following spells:

 Spells                   Type           Power      Damage    Failure   Level
 Chain Lightning          Conj/Air       51%        N/A       1%          8
 Tornado                  Air            28%        N/A       100%        9
 Foxfire                  Conj/Fire      100%       2x1d9     0%          1
 Freeze                   Ice            100%       1d11      0%          1
 Magic Dart               Conj           100%       1d8       0%          1
 Sandblast                Erth           100%       2d20      0%          1
 Shock                    Conj/Air       100%       1d9       0%          1
 Ensorcelled Hibernation  Hex/Ice        100%       N/A       0%          2
 Passwall                 Tmut/Erth      91%        N/A       0%          2
 Searing Ray              Conj           100%       3d7       0%          2
 Conjure Flame            Conj/Fire      100%       6-21      0%          3
 Dazzling Flash           Conj/Hex       100%       N/A       0%          3
 Ignite Poison            Fire/Tmut/Pois 96%        N/A       0%          3
 Inner Flame              Hex/Fire       100%       N/A       0%          3
 Static Discharge         Conj/Air       100%       N/A       0%          3
 Animate Armour           Summ/Erth      100%       N/A       0%          4
 Fulminant Prism          Conj/Hex       51%        3d23      0%          4
 Iskenderun's Mystic Bla  Conj/Tloc      100%       2d19      0%          4
 Leda's Liquefaction      Hex/Erth       54%        N/A       0%          4
 Petrify                  Tmut/Erth      100%       N/A       0%          4
 Sticky Flame             Conj/Fire      100%       2d11      0%          4
 Fireball                 Conj/Fire      68%        3d26      0%          5
 Iskenderun's Battlesphe  Conj           100%       2d15      0%          5
 Iron Shot                Conj/Erth      68%        9d13      0%          6
 Orb of Destruction       Conj           66%        9d18      0%          7
 Animate Skeleton         Necr           100%       N/A       1%          1
 Apportation              Tloc           100%       N/A       1%          1
 Beastly Appendage        Tmut           100%       N/A       1%          1
 Corona                   Hex            62%        N/A       1%          1
 Pain                     Necr           100%       1d9       1%          1
 Sting                    Tmut/Pois      100%       1d8       1%          1
 Summon Small Mammal      Summ           100%       N/A       1%          1
 Blink                    Tloc           N/A        N/A       1%          2
 Call Imp                 Summ           56%        N/A       1%          2
 Corpse Rot               Necr/Air       N/A        N/A       1%          2
 Poisonous Vapours        Pois/Air       100%       N/A       1%          2
 Slow                     Hex            56%        N/A       1%          2
 Swiftness                Air            56%        N/A       1%          2
 Wereblood                Tmut           60%        N/A       1%          2
 Call Canine Familiar     Summ           56%        N/A       1%          3
 Confusing Touch          Hex            56%        N/A       1%          3
 Gell's Gravitas          Tloc           28%        N/A       1%          3
 Lesser Beckoning         Tloc           28%        N/A       1%          3
 Mephitic Cloud           Conj/Pois/Air  91%        N/A       1%          3
 Portal Projectile        Hex/Tloc       100%       N/A       1%          3
 Spider Form              Tmut/Pois      29%        N/A       1%          3
 Summon Guardian Golem    Hex/Summ       56%        N/A       1%          3
 Teleport Other           Tloc           56%        N/A       1%          3
 Tukima's Dance           Hex            56%        N/A       1%          3
 Vampiric Draining        Necr           28%        2d10      1%          3
 Airstrike                Air            28%        N/A       1%          4
 Animate Dead             Necr           28%        N/A       1%          4
 Cause Fear               Hex            28%        N/A       1%          4
 Dispel Undead            Necr           56%        3d20      1%          4
 Ice Form                 Ice/Tmut       91%        N/A       1%          4
 Manifold Assault         Tloc           56%        N/A       1%          4
 Olgreb's Toxic Radiance  Pois           56%        N/A       1%          4
 Passage of Golubria      Tloc           N/A        N/A       1%          4
 Summon Ice Beast         Ice/Summ       90%        N/A       1%          4
 Summon Lightning Spire   Summ/Air       56%        N/A       1%          4
 Borgnjor's Vile Clutch   Necr/Erth      54%        N/A       1%          5
 Irradiate                Conj/Tmut      52%        3d30      1%          5
 Lightning Bolt           Conj/Air       51%        1d72      1%          5
 Metabolic Englaciation   Hex/Ice        45%        N/A       1%          5
 Yara's Violent Unravell  Hex/Tmut       29%        3d12      1%          5
 Conjure Ball Lightning   Conj/Air       51%        3x3d18    1%          6
 Freezing Cloud           Conj/Ice/Air   53%        6-21      1%          6
 Simulacrum               Ice/Necr       45%        N/A       1%          6
 Ozocubu's Refrigeration  Ice            56%        4d16      1%          7
 Spellforged Servitor     Conj/Summ      51%        N/A       1%          7
 Agony                    Necr           56%        N/A       2%          5
 Alistair's Intoxication  Tmut/Pois      38%        N/A       2%          5
 Blade Hands              Tmut           30%        N/A       2%          5
 Excruciating Wounds      Necr           28%        N/A       2%          5
 Silence                  Hex/Air        28%        N/A       2%          5
 Summon Forest            Summ/Tloc      28%        N/A       2%          5
 Summon Mana Viper        Hex/Summ       56%        N/A       2%          5
 Eringya's Noxious Bog    Tmut/Pois      29%        N/A       4%          6
 Hydra Form               Tmut           30%        N/A       12%         6
 Death Channel            Necr           28%        N/A       16%         6
 Dispersal                Tloc           28%        N/A       16%         6
 Invisibility             Hex            56%        N/A       16%         6
 Shadow Creatures         Summ           N/A        N/A       16%         6
 Dragon Form              Tmut           30%        N/A       52%         7
 Haunt                    Necr/Summ      28%        N/A       61%         7
 Malign Gateway           Summ/Tloc      28%        N/A       61%         7
 Monstrous Menagerie      Summ           28%        N/A       61%         7
 Summon Hydra             Summ           28%        N/A       61%         7
 Discord                  Hex            28%        N/A       99%         8
 Disjunction              Tloc           28%        N/A       99%         8
 Summon Horrible Things   Summ           28%        N/A       99%         8
 Dragon's Call            Summ           28%        N/A       100%        9
 Sublimation of Blood     Necr           Unusable   N/A       N/A         2
 Statue Form              Tmut/Erth      Unusable   N/A       N/A         6

Dungeon Overview and Level Annotations

Branches:
Dungeon (15/15)            Temple (1/1) D:6            Lair (6/6) D:9
  Swamp (4/4) Lair:2        Snake (4/4) Lair:3        Slime (5/5) Lair:6
    Orc (2/2) D:11            Elf (3/3) Orc:2        Vaults (5/5) D:13
  Crypt (3/3) Vaults:2       Tomb (0/3) Crypt:3      Depths (5/5) D:15
    Zot (0/5) Depths:5      IceCv (visited)

Altars:
Cheibriados
Dithmenos
Elyvilon
Fedhas
Gozag
Hepliaklqana
Kikubaaqudgha
Makhleb
Nemelex Xobeh
Okawaru
Qazlal
Ru
Vehumet
Wu Jian
Xom
The Shining One
Beogh
Lugonu

Shops:
D:8 :   D:10 *   D:13 =   D:15 (   Orc:2 (*(?*   Elf:2 ?   Snake:1 ::[=
Vaults:1 [   Vaults:3 ?   Depths:2 :   Depths:4 [

Portals:
Hell: Lair:6 Depths:1 Depths:2 Depths:3 Depths:4 Depths:5
Abyss: Depths:2 Depths:3 Depths:4
Pandemonium: Depths:3 Depths:4

Annotations:
D:11 3 runed translucent doors, TimeIsEndless's ghost, journeyman DDFi
Elf:2 5 runed translucent doors
Depths:3 1 transporter


Innate Abilities, Weirdness & Mutations

Your stone body is resilient. (AC +20)
You are immune to poison.
Your large and strong wings let you fly indefinitely.
You resist negative energy. (rN+)
You are resistant to electric shocks. (rElec)
You are resistant to unholy torment.
You can survive without breathing.
You are immune to petrification.
You have a pair of small horns on your head.
You have a somewhat thin skeletal structure. (Dex +2, Stealth)
You have supernaturally acute eyesight. (SInv)
You are clumsy. (Dex -2)
You have an increased reservoir of magic. (+10% MP)
You passively map a small area around you.
You occasionally shout uncontrollably at your foes.


Message History

The fireball engulfs the Hell Sentinel but does no damage.
The Brimstone Fiend closely misses you.
The Brimstone Fiend hits you but does no damage.
You block the Brimstone Fiend's attack. The balrug gestures at you.
Something smites you! The Hell Sentinel gestures at you.
You block the iron shot. The Hell Sentinel gestures at you.
The sphere of damnation explodes!
The damnation engulfs you!!
The damnation engulfs the Brimstone Fiend.
The Brimstone Fiend completely resists.
The damnation engulfs the Brimstone Fiend.
The Brimstone Fiend completely resists.
The damnation engulfs the Hell Sentinel.
The Hell Sentinel completely resists.
Your Conjurations skill increases to level 23!
Unknown command.
Unknown command.
Unknown command.
As you read the scroll of holy word, it crumbles to dust.
You speak a Word of immense power!
The Brimstone Fiend convulses!
The Hell Sentinel convulses!
The Brimstone Fiend convulses!
The balrug convulses!
You kill the balrug!
Vehumet accepts your kill.
The balrug convulses!
You kill the balrug!
Vehumet accepts your kill.
The Hell Sentinel convulses!
The balrug convulses!
The Brimstone Fiend is lost in a daze.
You block the Brimstone Fiend's attack.
The Brimstone Fiend hits you but does no damage.
The Brimstone Fiend closely misses you. The balrug gestures at you.
Something smites you!
* * * LOW HITPOINT WARNING * * *
You block the Hell Sentinel's attack. x2
The Hell Sentinel gestures at you. The iron shot hits you!!!!
You die...

............▓▓▓▓▓ *
......................▓
......................▓
...................)??▓
.................))[)=▓
................2.[)?[▓
................[.)??∩▓
...............11[)))>▓
...............1@.)=$∩▓
.................)|))"▓
..................))))▓
..................[1..▓
.....................)▓
......................▓
............▓▓▓▓▓▓▓▓▓▓▓
, ... ,


You could see 2 Hell Sentinels, 2 Brimstone Fiends and a balrug (fast, dazed).

Vanquished Creatures
  the Royal Jelly (Slime:5)
  12 dread liches
  Mara (Depths:2)
  11 ancient liches
  The ghost of MiFiHotspot the Invulnerable, a master MiFi of the Shining One (Depths:4)
  11 juggernauts
  Sojobo (Vaults:4)
  7 royal mummies
  Frederick (Vaults:4)
  Bai Suzhen (Vaults:2)
  A shard shrike (Zig:22)
  3 pandemonium lords
  5 caustic shrikes
  6 profane servitors
  12 bone dragons
  5 golden dragons
  the Enchantress (Depths:2)
  5 Tzitzimimeh
  2 hellephants
  4 iron giants
  Rupert (Vaults:4)
  12 Hell Sentinels
  The ghost of Jagh the Gelid, an adept PaDe of Cheibriados (Depths:3)
  7 tentacled monstrosities
  6 Ice Fiends
  12 titans
  Asterion (Vaults:4)
  The ghost of Wabriskezyt the Brawler, an adept TrMo of Okawaru (Snake:3)
  20 liches
  13 deep elf master archers
  2 quicksilver dragons
  11 deep elf blademasters
  15 acid blobs
  10 Executioners
  14 tentacled starspawn
  The ghost of Regoshi the Sorcerer, an adept DEEE of Vehumet (Snake:3)
  13 sphinxes
  11 shadow dragons
  15 ancient champions
  A thorn hunter (Zig:12)
  19 tengu reavers
  Agnes (Snake:1)
  Kirke (D:12)
  5 rockslimes
  A storm dragon (Vaults:5)
  18 draconian monks
  The ghost of Muedoud the Sharpshooter, an adept KoBe of Trog (Snake:3)
  2 fenstrider witches (Zig:12)
  17 revenants
  The ghost of Jusi the Zephyrmancer, a journeyman DrFE of Vehumet (Snake:3)
  39 nagarajas
  16 azure jellies
  The ghost of Garvin the Geomancer, an adept GrEE of Vehumet (Orc:2)
  10 fire giants
  13 deep elf sorcerers
  Aizul (Elf:2)
  11 draconian knights
  6 balrugs
  12 draconian scorchers
  24 ghost moths
  24 vault wardens
  11 frost giants
  12 orc warlords
  7 emperor scorpions
  5 ghouls
  Louise (D:14)
  An angel (Zig:16)
  13 draconian shifters
  A juggernaut zombie (Zig:22)
  3 caustic shrike zombies (Zig:19)
  11 cacodemons
  18 war gargoyles
  8 curse skulls
  17 ironbound preservers
  27 reapers
  2 juggernaut skeletons (Zig:22)
  7 quicksilver oozes
  12 draconian annihilators
  12 draconian stormcallers
  8 deep elf elementalists
  6 spriggan defenders
  A caustic shrike skeleton (Zig:22)
  9 warmongers
  17 very ugly things
  29 stone giants
  The ghost of lupus83 the Grappler, a journeyman TrFi of Qazlal (Lair:3)
  Nessos (Lair:6)
  3 black suns
  14 corrupters
  7 green draconians
  6 blood saints
  20 vampire knights
  2 black draconians
  12 deep elf demonologists
  2 bennus (Zig:13)
  14 entropy weavers
  11 purple draconians
  6 dire elephants
  7 white draconians
  10 spark wasps
  24 deep elf annihilators
  A spectral titan (Depths:4)
  A lorocyproca (Zig:14)
  Azrael (D:14)
  6 bunyips
  An entropy weaver (shapeshifter) (Vaults:5)
  4 yellow draconians
  8 eleionomae
  9 mummy priests
  20 eidola
  10 blizzard demons
  20 ettins
  3 merfolk javelineers
  3 crystal guardians (Depths:3)
  21 deep elf death magi
  Josephine (D:14)
  9 red draconians
  3 shambling mangroves
  13 deep elf high priests
  6 green deaths
  12 jiangshi
  10 fire dragons
  A merfolk impaler (Depths:1)
  24 yaktaur captains
  8 ironbound thunderhulks
  5 boulder beetles
  11 ice dragons
  A monstrous demonspawn (Zig:21)
  39 vault guards
  9 rakshasas
  A great orb of eyes (shapeshifter) (Vaults:5)
  A peacekeeper (Vaults:4)
  A boulder beetle (shapeshifter) (Zig:5)
  32 hydras
  2 hell beasts
  Harold (D:8)
  4 quicksilver dragon skeletons
  12 great orbs of eyes
  7 spriggan air magi
  31 naga warriors
  11 ironbound frosthearts
  2 spectral sphinxes (Depths:4)
  4 ghost crabs
  An anaconda (shapeshifter) (Zig:18)
  12 centaur warriors
  4 catoblepae
  3 death knights
  Erolcha (Orc:2)
  2 ogre magi
  3 tengu warriors
  A death scarab (Zig:13)
  10 alligators
  9 anacondas
  10 deep troll shamans
  4 satyrs
  12 deep troll earth magi
  5 two-headed ogres
  A two-headed ogre (shapeshifter) (Vaults:5)
  6 hell hogs
  16 death yaks
  26 vampire magi
  29 dancing weapons
  3 sun demons
  26 naga sharpshooters
  19 orc high priests
  A spectral storm dragon (Depths:4)
  3 spriggan berserkers
  Sonja (Lair:2)
  9 shock serpents
  8 thrashing horrors
  35 large abominations
  7 ironbound beastmasters
  17 wretched stars
  3 titan zombies
  22 iron trolls
  2 storm dragon zombies
  19 hell knights
  32 deep elf knights
  9 soul eaters
  An iron golem (Zig:26)
  45 skeletal warriors
  2 titan skeletons (Zig:22)
  8 shadow wraiths
  4 storm dragon skeletons
  A glowing orange brain (Depths:4)
  4 salamander mystics
  9 goliath frogs
  9 sixfirhies
  2 death drakes (Depths:5)
  23 flayed ghosts
  6 sea snakes
  A gelid demonspawn (Zig:21)
  A deep troll (shapeshifter) (Zig:18)
  53 deep trolls
  12 naga ritualists
  5 spatial maelstroms
  5 shadow demons
  4 unseen horrors
  2 unseen horrors (shapeshifter)
  7 spriggan druids
  2 golden dragon zombies (Zig:26)
  6 golden dragon skeletons
  16 swamp dragons
  3 orange crystal statues
  4 tengu zombies
  14 wizards
  3 obsidian statues
  31 ironbound convokers
  A lindwurm (shapeshifter) (Zig:18)
  11 bog bodies
  18 orc knights
  15 lindwurms
  5 shadow dragon zombies
  11 necromancers
  25 deep elf archers
  10 phantasmal warriors
  57 deep elf pyromancers
  38 deep elf zephyrmancers
  15 orc sorcerers
  8 mana vipers
  7 harpies
  2 harpies (shapeshifter)
  A mana viper (shapeshifter) (Zig:16)
  A wolf spider zombie (D:15)
  27 orb spiders
  2 sphinx zombies (Zig:26)
  6 iron dragon zombies
  3 tengu skeletons
  A shadow dragon skeleton (Zig:22)
  A faun (Zig:8)
  41 ugly things
  22 wolf spiders
  A frost giant zombie (Zig:6)
  A faun (shapeshifter) (Zig:18)
  4 fire giant zombies
  7 cyclopes
  7 shining eyes
  6 manticores
  12 salamanders
  A sphinx skeleton (Zig:22)
  6 worldbinders
  A salamander (shapeshifter) (Zig:19)
  4 will-o-the-wisps
  12 moths of wrath
  8 guardian serpents
  3 frost giant skeletons
  6 ice statues
  3 stone giant skeletons
  53 black mambas
  2 apocalypse crabs (Abyss:3)
  7 human skeletons
  3 iron dragon skeletons
  19 vault sentinels
  26 naga magi
  A water nymph (shapeshifter) (Zig:18)
  8 elephants
  10 gargoyles
  4 eyes of devastation
  A spectral elf (Depths:4)
  2 water nymphs (Abyss:3)
  18 rust devils
  2 catoblepas zombies
  A titan simulacrum (Zig:19)
  7 orange demons
  11 fire giant skeletons
  A torpor snail (shapeshifter) (Zig:18)
  18 cane toads
  14 smoke demons
  5 spriggan zombies
  14 torpor snails
  7 rime drakes
  A shock serpent skeleton (Crypt:3)
  A kobold demonologist (D:14)
  14 komodo dragons
  2 spectral glowing shapeshifters (Depths:4)
  A komodo dragon (shapeshifter) (D:9)
  40 yaktaurs
  11 hellions
  A grey draconian skeleton (Crypt:1)
  32 ice devils
  18 guardian mummies
  5 tengu conjurers
  16 demonic crawlers
  A golden dragon simulacrum (Depths:4)
  10 freezing wraiths
  2 efreet
  28 tormentors
  7 red devils
  A silent spectre (Abyss:3)
  A yaktaur skeleton (Vaults:2)
  A hydra zombie (Crypt:3)
  A hellwing (Zig:19)
  30 jumping spiders
  7 polar bears
  10 trolls
  A meliai (shapeshifter) (D:14)
  10 ancient zymes
  2 hornets (shapeshifter)
  5 meliai
  4 bloated husks
  14 tyrant leeches
  A troll (shapeshifter) (Abyss:3)
  An iron dragon simulacrum (Depths:4)
  8 raiju
  2 wind drakes (Depths:5)
  11 dream sheep
  A hydra skeleton (Crypt:3)
  20 blink frogs
  123 slime creatures
  An alligator zombie (Crypt:3)
  A death drake skeleton (Crypt:1)
  13 elf zombies
  38 hornets
  2 deep troll zombies
  Grinder (D:4)
  An ettin zombie (Crypt:1)
  A stone giant simulacrum (Depths:1)
  Sigmund (D:5)
  23 flying skulls
  12 fire dragon skeletons
  5 shadows
  A shock serpent simulacrum (Abyss:3)
  29 starcursed masses
  8 ynoxinuls
  21 redbacks
  64 yaks
  24 spriggans
  5 air elementals
  A human (D:12)
  24 tarantellas
  6 wyverns
  18 water elementals
  12 ushabtiu
  A yak (shapeshifter) (Zig:18)
  A spriggan (shapeshifter) (Vaults:1)
  20 fire elementals
  27 wraiths
  11 basilisks
  A redback (shapeshifter) (Vaults:5)
  A fire bat (Zig:16)
  11 golden eyes
  9 chaos spawn
  4 hogs (D:12)
  6 vampire mosquitoes
  5 neqoxecs
  11 wargs
  A minotaur simulacrum (Crypt:1)
  4 spatial vortices (Zig:16)
  8 swamp worms
  A swamp worm (shapeshifter) (Depths:3)
  66 nagas
  17 water moccasins
  15 hell hounds
  An acid dragon (D:13)
  Duvessa (D:5)
  A hydra simulacrum (Abyss:3)
  A floating eye (Slime:3)
  12 swamp drakes
  14 small abominations
  A hornet zombie (D:8)
  7 ice beasts
  5 sky beasts
  3 black bears
  64 orc warriors
  An ice dragon simulacrum (Crypt:1)
  A cane toad skeleton (Crypt:3)
  3 wolves
  15 ogres
  18 centaurs
  5 phantoms
  A kobold brigand (D:8)
  2 wyvern zombies
  20 bullfrogs
  10 earth elementals
  A glowing shapeshifter simulacrum (Depths:4)
  A scorpion (D:7)
  A water moccasin skeleton (D:7)
  A snapping turtle simulacrum (Crypt:1)
  8 killer bees
  12 wights
  A warg skeleton (Crypt:2)
  2 electric eels (D:14)
  10 howler monkeys
  2 jellies (D:11)
  3 quasits
  A bullfrog zombie (D:11)
  A demonspawn zombie (Crypt:2)
  10 hounds
  9 centaur skeletons
  43 orc priests
  18 iron imps
  A bullfrog skeleton (D:6)
  Jessica (D:3)
  29 orc wizards
  10 worker ants
  A demonspawn skeleton (Crypt:2)
  4 iguanas
  9 hell rats
  A deep dwarf zombie (Crypt:2)
  An ogre skeleton (Crypt:1)
  A dwarf zombie (Crypt:1)
  A hound zombie (D:6)
  A hound skeleton (D:4)
  43 mummies
  14 gnolls
  2 worker ant zombies
  4 howler monkey skeletons
  9 adders
  7 river rats (D:5)
  3 shadow imps
  20 white imps
  15 ufetubi
  An adder zombie (D:5)
  An adder skeleton (D:8)
  An iguana skeleton (Crypt:2)
  2 worms
  A dart slug (D:3)
  10 leopard geckos
  120 orcs
  3 ball pythons
  12 giant cockroaches
  5 goblins
  6 hobgoblins
  10 jackals
  6 quokkas (D:5)
  6 bats
  4 frilled lizards
  A giant cockroach zombie (Crypt:1)
  18 kobolds
  A kobold zombie (Crypt:2)
  21 rats
  3 blocks of ice (Zig:19)
  27 fire vortices
  A lurking horror (Depths:3)
  12 starspawn tentacles
4261 creatures vanquished.

Vanquished Creatures (collateral kills)
  A pandemonium lord (Zig:14)
  A caustic shrike (Depths:4)
  A draconian shifter (Zig:27)
  A juggernaut zombie (Zig:19)
  A purple draconian (Zig:27)
  A vault guard (D:13)
  A death scarab (Zig:12)
  A titan skeleton (Zig:22)
  A shadow dragon skeleton (Zig:13)
  A demonic crawler (Zig:1)
  A guardian mummy (Zig:13)
  2 ushabtiu
  A chaos spawn (Zig:14)
  An elf skeleton (Zig:22)
  5 mummies
20 creatures vanquished.

Vanquished Creatures (others)
  A golden dragon (Zig:12)
  A deep elf death mage (Elf:2)
  A shambling mangrove (Zig:9)
  A ghost crab (Zig:12)
  3 will-o-the-wisps
  2 water elementals
  An air elemental (Elf:3)
  A swamp drake (Depths:5)
  Dowan (D:5)
  A worker ant (D:12)
  An orc wizard (Orc:2)
  A white imp (IceCv)
  3 ufetubi (IceCv)
  2 blocks of ice (Zig:19)
  129 fire vortices
  8 foxfires
  37 fungi
  114 plants
  6 starspawn tentacles
  5 toadstools (Lair:1)
  40 withered plants (Crypt:3)
359 creatures vanquished.

Grand Total: 4640 creatures vanquished

Notes
Turn   | Place    | Note
-------+----------+-------------------------------------------
     0 | D:1      | Rildar the Gargoyle Earth Elementalist began the quest for
                  | the Orb.
     0 | D:1      | Reached XP level 1. HP: 10/10 MP: 3/3
   322 | D:1      | You fall into a shaft and drop 1 floor!
   338 | D:2      | Reached XP level 2. HP: 9/15 MP: 0/5
  1105 | D:1      | Reached XP level 3. HP: 15/19 MP: 6/6
  1770 | D:1      | Learned a level 3 spell: Stone Arrow
  1950 | D:2      | Reached skill level 1 in Conjurations
  1950 | D:2      | Reached XP level 4. HP: 11/24 MP: 6/8
  2722 | D:3      | Noticed Jessica
  2727 | D:3      | Killed Jessica
  2728 | D:3      | Reached skill level 5 in Earth Magic
  2772 | D:3      | Reached XP level 5. HP: 27/28 MP: 9/9
  2778 | D:3      | Learned a level 5 spell: Lee's Rapid Deconstruction
  3082 | D:3      | Noticed a sky beast
  3093 | D:3      | Killed a sky beast
  3094 | D:3      | Reached XP level 6. HP: 19/32 MP: 11/11
  3253 | D:3      | Found a shimmering altar of Xom.
  3782 | D:3      | Reached XP level 7. HP: 29/36 MP: 11/13
  4316 | D:4      | Noticed Grinder
  4331 | D:4      | Killed Grinder
  4783 | D:5      | Entered Level 5 of the Dungeon
  4913 | D:5      | Reached skill level 5 in Spellcasting
  4915 | D:5      | Reached XP level 8. HP: 21/42 MP: 10/15
  4916 | D:5      | Reached skill level 1 in Armour
  5160 | D:5      | Found a stormy altar of Qazlal.
  5210 | D:5      | Reached skill level 1 in Fighting
  5370 | D:5      | Reached skill level 1 in Maces & Flails
  5698 | D:5      | Noticed Sigmund
  5701 | D:5      | Killed Sigmund
  5702 | D:5      | Reached skill level 5 in Conjurations
  5705 | D:5      | Noticed a gargoyle
  6017 | D:5      | Found a burning altar of Makhleb.
  6017 | D:5      | Found an opulent altar of Gozag.
  6017 | D:5      | Noticed Duvessa
  6017 | D:5      | Noticed Dowan
  6021 | D:5      | Killed Dowan
  6035 | D:5      | Killed Duvessa
  6715 | D:5      | Killed a gargoyle
  6716 | D:5      | Reached XP level 9. HP: 49/49 MP: 1/17
  6917 | D:6      | Found a staircase to the Ecumenical Temple.
  6927 | Temple   | Entered the Ecumenical Temple
  7053 | Temple   | Became a worshipper of Vehumet
  8492 | D:7      | Reached * piety under Vehumet
  8492 | D:7      | Offered knowledge of Freeze by Vehumet.
  9220 | D:7      | Found an iron altar of Okawaru.
  9444 | D:8      | Reached XP level 10. HP: 52/56 MP: 19/19
 10040 | D:8      | Found a sacrificial altar of Ru.
 10089 | D:8      | Noticed Harold
 10101 | D:8      | Killed Harold
 10102 | D:8      | Reached skill level 1 in Evocations
 10476 | D:8      | Reached ** piety under Vehumet
 10476 | D:8      | Offered knowledge of Shock by Vehumet.
 10818 | D:8      | Found Lemirep's Book Boutique.
 11089 | D:9      | Reached skill level 5 in Armour
 11229 | D:9      | Found an ornate altar of the Wu Jian Council.
 11445 | D:9      | Reached skill level 5 in Fighting
 11720 | D:9      | Found a runed translucent door.
 11722 | D:9      | Noticed a cyclops
 11732 | D:9      | Killed a cyclops
 11809 | D:9      | Noticed a harpy
 11817 | D:9      | Killed a harpy
 11981 | D:9      | Noticed a cyclops
 11986 | D:9      | Killed a cyclops
 11987 | D:9      | Reached skill level 5 in Maces & Flails
 11987 | D:9      | Reached XP level 11. HP: 36/64 MP: 6/21
 12132 | D:9      | Noticed a deep elf pyromancer
 12136 | D:9      | Killed a deep elf pyromancer
 12182 | D:9      | Noticed a six-headed hydra
 12227 | D:9      | Killed a six-headed hydra
 12623 | D:9      | Found a staircase to the Lair.
 12722 | D:9      | Offered knowledge of Frozen Ramparts by Vehumet.
 12978 | D:9      | Found a white marble altar of Elyvilon.
 13085 | D:10     | Entered Level 10 of the Dungeon
 13135 | D:10     | Noticed a two-headed ogre
 13140 | D:10     | Killed a two-headed ogre
 13398 | D:10     | Reached skill level 5 in Dodging
 13861 | D:10     | Reached skill level 10 in Earth Magic
 13992 | D:10     | Found Tetocs's Assorted Antiques.
 13998 | D:10     | Bought a scroll labelled HIQAON UFO LATEFUWK for 33 gold
                  | pieces
 13998 | D:10     | Bought a potion of heal wounds for 165 gold pieces
 13998 | D:10     | Bought a potion of haste for 330 gold pieces
 14132 | D:10     | Reached *** piety under Vehumet
 14768 | D:11     | Noticed a green ugly thing
 14771 | D:11     | Killed a green ugly thing
 14857 | D:11     | Noticed a cyclops
 14870 | D:11     | Killed a cyclops
 15202 | D:11     | Offered knowledge of Hailstorm by Vehumet.
 15204 | D:11     | Reached XP level 12. HP: 58/71 MP: 16/23
 15440 | D:11     | Reached **** piety under Vehumet
 15596 | D:11     | Found a staircase to the Orcish Mines.
 15673 | D:11     | Found a runed translucent gate.
 15675 | D:11     | Found a runed translucent gate.
 15676 | D:11     | Found a runed translucent gate.
 15679 | D:11     | Noticed TimeIsEndless's ghost (journeyman DDFi)
 15737 | D:11     | Offered knowledge of Dazzling Flash by Vehumet.
 16103 | D:11     | Gained mutation: You have a pair of small antennae on your
                  | head. [potion of mutation]
 16103 | D:11     | Gained mutation: You are frail. (-10% HP) [potion of
                  | mutation]
 16103 | D:11     | Gained mutation: You passively map a small area around you.
                  | [potion of mutation]
 16103 | D:11     | Gained mutation: You are partially covered in molten
                  | scales. (AC +2) [potion of mutation]
 16605 | D:12     | Noticed a two-headed ogre
 16611 | D:12     | Killed a two-headed ogre
 17633 | D:12     | Noticed Kirke
 17645 | D:12     | Killed Kirke
 17646 | D:12     | Reached skill level 5 in Evocations
 17677 | D:12     | Noticed a two-headed ogre
 17682 | D:12     | Killed a two-headed ogre
 18168 | D:13     | Found a frozen archway.
 18194 | IceCv    | Entered an ice cave
 18589 | IceCv    | Reached ***** piety under Vehumet
 18589 | IceCv    | Offered knowledge of Olgreb's Toxic Radiance by Vehumet.
 18708 | IceCv    | Lost mutation: You have a pair of small antennae on your
                  | head. [potion of mutation]
 18708 | IceCv    | Lost mutation: You are frail. (-10% HP) [potion of
                  | mutation]
 18708 | IceCv    | Lost mutation: You are partially covered in molten scales.
                  | (AC +2) [potion of mutation]
 18708 | IceCv    | Lost mutation: You passively map a small area around you.
                  | [potion of mutation]
 18708 | IceCv    | Gained mutation: You are agile. (Dex +2) [potion of
                  | mutation]
 18708 | IceCv    | Gained mutation: Your mind is acute. (Int +2) [potion of
                  | mutation]
 18708 | IceCv    | Gained mutation: You are partially covered in thin metallic
                  | scales. (AC +2) [potion of mutation]
 18708 | IceCv    | Gained mutation: Your mind is very acute. (Int +4) [potion
                  | of mutation]
 18788 | IceCv    | Reached XP level 13. HP: 78/78 MP: 9/25
 19318 | IceCv    | Noticed a reaper
 19324 | IceCv    | Killed a reaper
 20123 | D:13     | Found an ancient bone altar of Kikubaaqudgha.
 20140 | D:13     | Found Duet Yti's Jewellery Boutique.
 20529 | D:13     | Noticed a vault guard
 20668 | D:13     | Noticed a vault guard
 20687 | D:13     | Killed a vault guard
 20695 | D:13     | Killed a vault guard
 20843 | D:13     | Reached skill level 10 in Conjurations
 20912 | D:13     | Found a gate to the Vaults.
 20912 | D:13     | Noticed a vault guard
 20912 | D:13     | Noticed a vault guard
 20921 | D:13     | Killed a vault guard
 20924 | D:13     | Killed a vault guard
 21749 | D:14     | Found a hazy altar of Hepliaklqana.
 21824 | D:14     | Offered knowledge of Fireball by Vehumet.
 21833 | D:13     | Learned a level 5 spell: Fireball
 22064 | D:14     | Reached skill level 1 in Fire Magic
 22200 | D:14     | Noticed Josephine
 22215 | D:14     | Gained mutation: Your large and strong wings let you fly
                  | indefinitely. [Gargoyle growth]
 22215 | D:14     | Reached XP level 14. HP: 49/86 MP: 4/27
 22833 | D:14     | Noticed Azrael
 22868 | D:14     | Killed Azrael
 23520 | D:14     | Learned a level 2 spell: Passwall
 23645 | D:14     | Killed Josephine
 23882 | D:14     | Noticed Louise
 23909 | D:14     | Cast into level 3 of the Abyss (Louise)
 23918 | D:14     | Escaped the Abyss
 23919 | D:14     | Killed Louise
 24155 | Lair:1   | Entered Level 1 of the Lair of Beasts
 24435 | Lair:1   | Reached skill level 5 in Fire Magic
 24591 | Lair:1   | Learned a level 6 spell: Starburst
 24881 | Lair:1   | Offered knowledge of Ozocubu's Refrigeration by Vehumet.
 25167 | Lair:1   | Found a runed translucent door.
 25495 | Lair:1   | Identified the +4 trident "Mehorac" {drain, +Fly Str+9
                  | Int-3}
 26246 | Lair:2   | Noticed Sonja
 26248 | Lair:2   | Killed Sonja
 26957 | Lair:2   | Found a staircase to the Swamp.
 27122 | Lair:3   | Found a transporter.
 27313 | Lair:3   | Reached XP level 15. HP: 75/91 MP: 21/28
 27602 | Lair:3   | Found a staircase to the Snake Pit.
 27671 | Lair:3   | Found a transporter.
 27675 | Lair:3   | Noticed lupus83's ghost (journeyman TrFi)
 28229 | Lair:4   | Identified the +3 pair of boots of the Guardian {rCorr}
 28270 | Lair:4   | Identified the ring of Nat Wots {Str+3 Int+6 Dex+4}
 28293 | Lair:4   | Learned a level 8 spell: Ignition
 28337 | Lair:4   | Reached skill level 10 in Fire Magic
 30772 | Lair:5   | Identified the Guide on Ashen Cold
 31224 | Lair:6   | Entered Level 6 of the Lair of Beasts
 31282 | Lair:6   | Offered knowledge of Iron Shot by Vehumet.
 31415 | Lair:5   | Learned a level 6 spell: Iron Shot
 31489 | Lair:6   | Reached XP level 16. HP: 96/96 MP: 29/29
 32241 | Lair:6   | Found a burning altar of Makhleb.
 32370 | Lair:6   | Found a gateway to Hell.
 32451 | Lair:6   | Noticed Nessos
 32454 | Lair:6   | Killed Nessos
 32895 | Lair:6   | Found a staircase to the Slime Pits.
 33381 | Orc:1    | Entered Level 1 of the Orcish Mines
 33400 | Orc:1    | Found a burning altar of Makhleb.
 33795 | Orc:2    | Entered Level 2 of the Orcish Mines
 34070 | Orc:2    | Found Cutsoixo's Weapon Shop.
 34157 | Orc:2    | Offered knowledge of Irradiate by Vehumet.
 34375 | Orc:2    | Found Wakhlut's General Store.
 34378 | Orc:2    | Found Buagoh's Weapon Shoppe.
 34381 | Orc:2    | Found Cogedeff's Magic Scroll Emporium.
 34382 | Orc:2    | Found Kogocap's General Store.
 34400 | Orc:2    | Bought a scroll of identify for 22 gold pieces
 34408 | Orc:2    | Bought a potion of resistance for 100 gold pieces
 34408 | Orc:2    | Bought a scroll of teleportation for 30 gold pieces
 34523 | Orc:2    | Found a staircase to the Elven Halls.
 34536 | Orc:2    | Noticed Erolcha
 34546 | Orc:2    | Killed Erolcha
 34806 | Orc:2    | Found a large runed translucent door.
 34806 | Orc:2    | Found a large runed translucent door.
 34810 | Orc:2    | Noticed Garvin's ghost (adept GrEE)
 35395 | Orc:2    | Killed Garvin's ghost
 35695 | D:15     | Entered Level 15 of the Dungeon
 35715 | D:15     | Found a staircase to the Depths.
 36283 | D:15     | Reached skill level 10 in Fighting
 36448 | D:15     | Offered knowledge of Bolt of Magma by Vehumet.
 37182 | D:15     | Found Wiroetemm's Antique Weapon Shop.
 37389 | D:15     | Learned a level 5 spell: Bolt of Magma
 37604 | Snake:1  | Entered Level 1 of the Snake Pit
 37613 | Snake:1  | Reached skill level 10 in Spellcasting
 37613 | Snake:1  | Reached skill level 15 in Fire Magic
 37621 | Snake:1  | Reached XP level 17. HP: 88/102 MP: 12/31
 37902 | Snake:1  | Found a sparkling altar of Nemelex Xobeh.
 37983 | Snake:1  | Noticed Agnes
 37986 | Snake:1  | Killed Agnes
 39037 | Snake:1  | Found Fops's Jewellery Shop.
 39037 | Snake:1  | Found Vewni's Book Boutique.
 39038 | Snake:1  | Found Wugeuki's Armour Shop.
 39040 | Snake:1  | Found Alypn's Book Boutique.
 40841 | Snake:2  | Identified the +2 quarterstaff of Law {antimagic, rPois
                  | rF+}
 41722 | Snake:3  | Reached skill level 10 in Maces & Flails
 41772 | Snake:3  | Identified the +8 whip "Embalmer" {drain, Will+ Str+7
                  | Int+4}
 42404 | Snake:3  | Found a runed translucent gate.
 42419 | Snake:3  | Found a runed translucent gate.
 42419 | Snake:3  | Found a runed translucent gate.
 42421 | Snake:3  | Noticed Jusi's ghost (journeyman DrFE)
 42421 | Snake:3  | Noticed Wabriskezyt's ghost (adept TrMo)
 42421 | Snake:3  | Noticed Muedoud's ghost (adept KoBe)
 42421 | Snake:3  | Noticed Regoshi's ghost (adept DEEE)
 43108 | Snake:4  | Entered Level 4 of the Snake Pit
 43362 | Snake:4  | Offered knowledge of Spellforged Servitor by Vehumet.
 43375 | Snake:4  | Reached XP level 18. HP: 99/108 MP: 7/32
 44211 | Swamp:1  | Entered Level 1 of the Swamp
 45012 | Swamp:2  | Reached skill level 15 in Earth Magic
 45416 | Swamp:2  | Found a hazy altar of Hepliaklqana.
 46151 | Swamp:3  | Reached ****** piety under Vehumet
 46193 | Swamp:3  | Offered knowledge of Lehudib's Crystal Spear by Vehumet.
 46193 | Swamp:3  | Offered knowledge of Chain Lightning by Vehumet.
 46193 | Swamp:3  | Offered knowledge of Tornado by Vehumet.
 46393 | Swamp:3  | Noticed a tentacled monstrosity
 46397 | Swamp:3  | Killed a tentacled monstrosity
 46508 | Swamp:4  | Entered Level 4 of the Swamp
 47119 | Swamp:4  | Reached XP level 19. HP: 92/115 MP: 22/34
 47279 | Swamp:4  | Got a decaying rune of Zot
 48612 | Snake:4  | Got a serpentine rune of Zot
 50609 | Vaults:1 | Entered Level 1 of the Vaults
 50756 | Vaults:1 | Found Qerekk's Armour Boutique.
 51061 | Vaults:1 | Reached skill level 10 in Dodging
 51069 | Vaults:1 | Reached XP level 20. HP: 73/122 MP: 23/35
 51291 | Vaults:1 | Reached skill level 10 in Evocations
 53128 | Elf:1    | Entered Level 1 of the Elven Halls
 53166 | Elf:1    | Found a flickering gateway to a bazaar.
 53175 | Bazaar   | Entered a bazaar
 53375 | Bazaar   | Found Ysozxo's Armour Shoppe.
 53389 | Bazaar   | Found Xoriw's Antique Armour Shoppe.
 53402 | Bazaar   | Found Tisk's Weapon Shoppe.
 53407 | Bazaar   | Found Debopu's Magic Scroll Boutique.
 53414 | Bazaar   | Bought a scroll of blinking for 127 gold pieces
 53440 | Bazaar   | Bought the +4 robe of Augmentation {Str+4 Int+4 Dex+4} for
                  | 687 gold pieces
 53440 | Bazaar   | Found the +4 robe of Augmentation {Str+4 Int+4 Dex+4}
 53773 | Elf:1    | Identified the Collected Works on Creative Attacks
 55160 | Elf:2    | Found a radiant altar of Vehumet.
 55171 | Elf:2    | Reached XP level 21. HP: 65/129 MP: 24/37
 55522 | Elf:2    | Noticed Aizul
 55583 | Elf:2    | Killed Aizul
 56418 | Elf:2    | Found a huge runed translucent gate.
 56418 | Elf:2    | Found a huge runed translucent gate.
 56418 | Elf:2    | Found a huge runed translucent gate.
 56421 | Elf:2    | Found a huge runed translucent gate.
 56422 | Elf:2    | Found a huge runed translucent gate.
 56511 | Elf:2    | Found Roydd's Magic Scroll Shoppe.
 56526 | Elf:2    | Bought a scroll of blinking for 75 gold pieces
 56526 | Elf:2    | Bought a scroll of magic mapping for 35 gold pieces
 56526 | Elf:2    | Bought a scroll of acquirement for 520 gold pieces
 56529 | Elf:2    | Acquired 831 gold pieces
 56797 | Elf:3    | Entered Level 3 of the Elven Halls
 58222 | Elf:3    | Identified the +4 mace of War {venom, +Inv Int+3}
 58222 | Elf:3    | Found the ring of the Octopus King {AC+1 EV+1 Str+1 Int+1
                  | Dex+1 SInv}
 58230 | Elf:3    | Identified the +11 flail of the Harvest {venom, Str+5
                  | Dex-3}
 58320 | Elf:3    | Identified the +7 dagger of Indomitability {freeze, Dex+6}
 58360 | Elf:3    | Identified the +7 scimitar "Guoj" {speed, +Blink Dex+5
                  | Stlth-}
 58360 | Elf:3    | Identified the +4 robe "Nuxuis" {Will+ SInv}
 58427 | Elf:3    | Reached XP level 22. HP: 136/136 MP: 11/38
 58509 | Elf:3    | Identified the +0 pair of gloves of the Orange Skies {rF++}
 58515 | Elf:3    | Identified the Volume of Shape Shifting and Confrontation
 59437 | Vaults:2 | Found the +8 trident of the Octopus King {venom, rElec
                  | rPois Will+}
 59749 | Vaults:2 | Noticed Bai Suzhen
 59753 | Vaults:2 | Killed Bai Suzhen
 60794 | Vaults:2 | Found Xuamu's Assorted Antiques.
 60913 | Vaults:2 | Found a staircase to the Crypt.
 61707 | Vaults:3 | Learned a level 9 spell: Shatter
 61922 | Vaults:3 | Found Budutym's Magic Scroll Shop.
 61999 | Vaults:3 | Reached skill level 15 in Conjurations
 62630 | Vaults:3 | Reached XP level 23. HP: 143/143 MP: 38/40
 63126 | Vaults:4 | Reached skill level 1 in Shields
 63266 | Vaults:4 | Noticed Frederick
 63269 | Vaults:4 | Killed Frederick
 63728 | Vaults:4 | Noticed Rupert
 63729 | Vaults:4 | Killed Rupert
 63808 | Vaults:4 | Paralysed by a sphinx for 6 turns
 64331 | Vaults:4 | Found a blossoming altar of Fedhas.
 64644 | Vaults:4 | Noticed Asterion
 64644 | Vaults:4 | Noticed Sojobo
 64646 | Vaults:4 | Killed Asterion
 64650 | Vaults:4 | Killed Sojobo
 64651 | Vaults:4 | Reached skill level 15 in Fighting
 65101 | Vaults:5 | Entered Level 5 of the Vaults
 65104 | Vaults:5 | Reached XP level 24. HP: 150/150 MP: 40/40
 66109 | Vaults:5 | Identified the ring of the Commoners {Int+3 Dex+6 Slay+2}
 66184 | Vaults:5 | Identified the +8 quarterstaff "Ynudwuta" {vorpal, rElec
                  | rF- rN+ Str+3}
 66395 | Vaults:5 | Identified the +4 trident of Koec {vorpal, rPois}
 66413 | Vaults:5 | Reached XP level 25. HP: 62/157 MP: 13/41
 67583 | Vaults:5 | Got a silver rune of Zot
 67586 | Vaults:5 | Identified the Tome of the Glacier and Clay
 67888 | Crypt:1  | Entered Level 1 of the Crypt
 69325 | Crypt:2  | Reached skill level 15 in Maces & Flails
 70173 | Crypt:3  | Entered Level 3 of the Crypt
 70265 | Crypt:3  | Identified the ring "Xoar" {rPois rCorr Dex+2 Stlth+}
 71117 | Crypt:3  | Identified the +0 pair of gloves of the Wumpus {*Contam
                  | Harm rCorr Stlth+}
 71210 | Crypt:3  | Found a staircase to the Tomb.
 71269 | Crypt:3  | Identified the amulet "Wairidde" {Spirit Int+2}
 71963 | Crypt:3  | Noticed a dread lich
 71969 | Crypt:3  | Killed a dread lich
 72249 | Crypt:3  | Found an ancient bone altar of Kikubaaqudgha.
 72276 | Crypt:3  | Identified the Almanac of the Captivating Blaze
 72324 | Crypt:3  | Acquired 1123 gold pieces
 72748 | Orc:2    | Bought a scroll of brand weapon for 200 gold pieces
 72756 | Orc:2    | Bought a scroll of enchant weapon for 82 gold pieces
 72756 | Orc:2    | Bought a scroll of enchant weapon for 82 gold pieces
 72756 | Orc:2    | Bought a scroll of enchant weapon for 82 gold pieces
 73184 | Lair:3   | Killed lupus83's ghost
 73198 | Lair:3   | Identified the +6 executioner's axe of Roaherah {vorpal,
                  | +Rage rC+ Dex-3 Stlth+}
 73515 | Depths:1 | Entered Level 1 of the Depths
 73669 | Depths:1 | Reached XP level 26. HP: 149/164 MP: 17/41
 73675 | Depths:1 | Reached skill level 15 in Spellcasting
 74275 | Depths:1 | Acquired a manual of Spellcasting
 74714 | Depths:2 | Noticed the Enchantress
 74717 | Depths:2 | Killed the Enchantress
 75037 | Depths:2 | Paralysed by a vampire knight for 4 turns
 75319 | Depths:2 | Found Ulamea's Book Shop.
 75359 | Depths:2 | Identified the +4 shortbow "Hehott" {freeze, *Slow rElec
                  | Int+4}
 75654 | Depths:2 | Found a gateway to a ziggurat.
 75654 | Depths:2 | Noticed a dread lich
 75654 | Depths:2 | Noticed a dread lich
 75655 | Depths:2 | Paralysed by a dread lich for 4 turns
 75659 | Depths:2 | Killed a dread lich
 75659 | Depths:2 | Killed a dread lich
 75683 | Depths:2 | Found a corrupted altar of Lugonu.
 75691 | Depths:2 | Found a one-way gate to the infinite horrors of the Abyss.
 76112 | Depths:2 | Noticed Mara
 76116 | Depths:2 | Killed Mara
 76659 | Depths:3 | Cast into level 2 of the Abyss (a wizard)
 76664 | Abyss:2  | Found a corrupted altar of Lugonu.
 76673 | Abyss:2  | Found an opulent altar of Gozag.
 76709 | Abyss:3  | Found a corrupted altar of Lugonu.
 77087 | Abyss:3  | Gained mutation: You are occasionally teleported next to
                  | monsters. [a neqoxec]
 77168 | Abyss:3  | Found a corrupted altar of Lugonu.
 77255 | Abyss:3  | Paralysed by accursed screaming for 1 turns
 77257 | Abyss:3  | Reached XP level 27. HP: 110/172 MP: 5/43
 77266 | Abyss:3  | Gained mutation: You have sharp toenails. [a neqoxec]
 77270 | Abyss:3  | Gained mutation: You are weak. (Str -2) [a neqoxec]
 77274 | Abyss:3  | Gained mutation: Your body sometimes deteriorates upon
                  | taking damage. [a neqoxec]
 77277 | Abyss:3  | Found a corrupted altar of Lugonu.
 77401 | Abyss:3  | Gained mutation: Your body often deteriorates upon taking
                  | damage. [a neqoxec]
 77402 | Abyss:3  | Gained mutation: Scrolls take you a little longer to read.
                  | [a neqoxec]
 77420 | Abyss:3  | Lost mutation: Your mind is very acute. (Int +4) [a shining
                  | eye]
 77423 | Abyss:3  | Gained mutation: You are very weak. (Str -4) [a shining
                  | eye]
 77497 | Abyss:3  | Got an abyssal rune of Zot
 77511 | Depths:3 | Escaped the Abyss
 77733 | Depths:3 | Lost mutation: You are occasionally teleported next to
                  | monsters. [potion of mutation]
 77733 | Depths:3 | Lost mutation: Scrolls take you a little longer to read.
                  | [potion of mutation]
 77733 | Depths:3 | Gained mutation: You have a pair of small horns on your
                  | head. [potion of mutation]
 77733 | Depths:3 | Gained mutation: You are very agile. (Dex +4) [potion of
                  | mutation]
 77733 | Depths:3 | Gained mutation: Your mind is very acute. (Int +4) [potion
                  | of mutation]
 77734 | Depths:3 | Lost mutation: You have sharp toenails. [potion of
                  | mutation]
 77734 | Depths:3 | Lost mutation: You are very agile. (Dex +4) [potion of
                  | mutation]
 77734 | Depths:3 | Lost mutation: You have a pair of small horns on your head.
                  | [potion of mutation]
 77734 | Depths:3 | Gained mutation: You passively map a small area around you.
                  | [potion of mutation]
 77734 | Depths:3 | Gained mutation: You possess an exceptional clarity of
                  | mind. [potion of mutation]
 77735 | Depths:3 | Lost mutation: You are agile. (Dex +2) [potion of mutation]
 77735 | Depths:3 | Lost mutation: Your body often deteriorates upon taking
                  | damage. [potion of mutation]
 77735 | Depths:3 | Lost mutation: Your body sometimes deteriorates upon taking
                  | damage. [potion of mutation]
 77735 | Depths:3 | Gained mutation: You are frail. (-10% HP) [potion of
                  | mutation]
 77735 | Depths:3 | Gained mutation: You evolve. [potion of mutation]
 78021 | Depths:3 | Noticed an ancient lich
 78035 | Depths:3 | Killed an ancient lich
 78064 | Depths:3 | Identified the Reference Book on Sinister Rituals
 78188 | Depths:3 | Noticed Jagh's ghost (adept PaDe)
 78192 | Depths:3 | Identified the +5 demon trident "Noac" {distort, +Blink
                  | Will+ Str+2}
 78199 | Depths:3 | Found a transporter.
 78207 | Depths:3 | Found a transporter.
 78532 | Depths:3 | Found a one-way gate leading to the halls of Pandemonium.
 78611 | Depths:3 | Gained mutation: Potions are less effective at restoring
                  | your health. [evolution]
 79017 | Depths:3 | Noticed an ancient lich
 79035 | Depths:3 | Killed an ancient lich
 79351 | Depths:3 | Identified the +0 pair of boots "Norukyff" {*Drain rElec
                  | rF- Str+8}
 79607 | Depths:3 | Killed Jagh's ghost
 79717 | Depths:3 | Identified the +2 pair of gloves of the Onion {*Contam Harm
                  | rF+ rN+}
 80106 | Snake:1  | Bought a book of Annihilations for 1987 gold pieces
 80116 | Snake:1  | Learned a level 9 spell: Fire Storm
 80225 | Slime:1  | Entered Level 1 of the Pits of Slime
 80348 | Slime:2  | Gained mutation: You are clumsy. (Dex -2) [a shining eye]
 80351 | Slime:2  | Gained mutation: You are very frail. (-20% HP) [a shining
                  | eye]
 80357 | Slime:2  | Gained mutation: Your magical capacity is low. (-10% MP) [a
                  | shining eye]
 80359 | Slime:2  | Gained mutation: You are extremely frail. (-30% HP) [a
                  | shining eye]
 80369 | Slime:2  | Gained mutation: Armour fits poorly on your strangely
                  | shaped body. [a shining eye]
 80372 | Slime:2  | Lost mutation: Your mind is very acute. (Int +4) [a shining
                  | eye]
 81322 | Slime:5  | Entered Level 5 of the Pits of Slime
 81413 | Slime:5  | Reached skill level 15 in Dodging
 81548 | Slime:5  | Noticed the Royal Jelly
 81553 | Slime:5  | Killed the Royal Jelly
 81989 | Slime:5  | Identified the ring of the Empire {*Slow rElec Str+6 Dex-3
                  | SInv}
 82034 | Slime:5  | Got a slimy rune of Zot
 82197 | Lair:6   | Lost mutation: You are very weak. (Str -4) [potion of
                  | mutation]
 82197 | Lair:6   | Lost mutation: You are weak. (Str -2) [potion of mutation]
 82197 | Lair:6   | Lost mutation: Your mind is acute. (Int +2) [potion of
                  | mutation]
 82197 | Lair:6   | Gained mutation: You are partially covered in molten
                  | scales. (AC +2) [potion of mutation]
 82198 | Lair:6   | Lost mutation: Potions are less effective at restoring your
                  | health. [potion of mutation]
 82198 | Lair:6   | Lost mutation: You passively map a small area around you.
                  | [potion of mutation]
 82198 | Lair:6   | Lost mutation: Armour fits poorly on your strangely shaped
                  | body. [potion of mutation]
 82198 | Lair:6   | Lost mutation: You possess an exceptional clarity of mind.
                  | [potion of mutation]
 82198 | Lair:6   | Gained mutation: You passively map a small area around you.
                  | [potion of mutation]
 82199 | Lair:6   | Lost mutation: You are partially covered in molten scales.
                  | (AC +2) [potion of mutation]
 82199 | Lair:6   | Lost mutation: Your magical capacity is low. (-10% MP)
                  | [potion of mutation]
 82199 | Lair:6   | Lost mutation: You evolve. [potion of mutation]
 82199 | Lair:6   | Lost mutation: You are extremely frail. (-30% HP) [potion
                  | of mutation]
 82199 | Lair:6   | Gained mutation: Your flesh is heat resistant. (rF+)
                  | [potion of mutation]
 82199 | Lair:6   | Gained mutation: You have supernaturally acute eyesight.
                  | (SInv) [potion of mutation]
 82200 | Lair:6   | Lost mutation: Your flesh is heat resistant. (rF+) [potion
                  | of mutation]
 82200 | Lair:6   | Lost mutation: You are very frail. (-20% HP) [potion of
                  | mutation]
 82200 | Lair:6   | Gained mutation: You are partially covered in iridescent
                  | scales. (AC +2) [potion of mutation]
 82200 | Lair:6   | Gained mutation: You are covered in fur. (AC +1) [potion of
                  | mutation]
 82341 | Snake:3  | Killed Regoshi's ghost
 82350 | Snake:3  | Killed Muedoud's ghost
 82361 | Snake:3  | Killed Wabriskezyt's ghost
 82367 | Snake:3  | Killed Jusi's ghost
 82617 | Snake:3  | Lost mutation: You are partially covered in iridescent
                  | scales. (AC +2) [potion of mutation]
 82617 | Snake:3  | Lost mutation: You are partially covered in thin metallic
                  | scales. (AC +2) [potion of mutation]
 82617 | Snake:3  | Lost mutation: You are covered in fur. (AC +1) [potion of
                  | mutation]
 82617 | Snake:3  | Lost mutation: You are frail. (-10% HP) [potion of
                  | mutation]
 82617 | Snake:3  | Gained mutation: Your magical capacity is low. (-10% MP)
                  | [potion of mutation]
 82617 | Snake:3  | Lost mutation: Your magical capacity is low. (-10% MP)
                  | [potion of mutation]
 82617 | Snake:3  | Gained mutation: You have an increased reservoir of magic.
                  | (+10% MP) [potion of mutation]
 83471 | Depths:4 | Found Voisatev's Armour Boutique.
 83716 | Depths:4 | Noticed MiFiHotspot's ghost (master MiFi)
 83718 | Depths:4 | Found a runed translucent gate.
 83718 | Depths:4 | Noticed an ancient lich
 83721 | Depths:4 | Found a runed translucent gate.
 83723 | Depths:4 | Found a runed translucent gate.
 83737 | Depths:4 | Killed an ancient lich
 84190 | Depths:4 | Killed MiFiHotspot's ghost
 84683 | Depths:4 | Identified the +3 ring mail of Greed {*Corrode Str+10 Int-3
                  | Stlth+}
 84761 | Depths:4 | Noticed a juggernaut
 84768 | Depths:4 | Killed a juggernaut
 84806 | Depths:4 | Identified Cuted's Handbook of Orientation and Cold
 85213 | Depths:4 | Identified the amulet of the Cockatrice {Faith rF+}
 85338 | Depths:4 | Identified the +5 whip of Anguish {speed, rPois Will-
                  | Stlth+}
 85529 | Depths:5 | Entered Level 5 of the Depths
 85546 | Depths:5 | Found an iron altar of Okawaru.
 85990 | Depths:5 | Noticed a juggernaut
 85994 | Depths:5 | Killed a juggernaut
 87041 | Depths:5 | Found a gate to the Realm of Zot.
 88084 | Zig:1    | Entered Level 1 of a ziggurat
 88100 | Zig:2    | Entered Level 2 of a ziggurat
 88168 | Zig:3    | Entered Level 3 of a ziggurat
 88257 | Zig:4    | Entered Level 4 of a ziggurat
 88301 | Zig:5    | Entered Level 5 of a ziggurat
 88304 | Zig:5    | Noticed a dread lich
 88305 | Zig:5    | Noticed a dread lich
 88306 | Zig:5    | Killed a dread lich
 88308 | Zig:5    | Killed a dread lich
 88324 | Zig:6    | Entered Level 6 of a ziggurat
 88392 | Zig:7    | Entered Level 7 of a ziggurat
 88429 | Zig:8    | Entered Level 8 of a ziggurat
 88447 | Zig:8    | Identified the Volume of Fiery Shape Shifting
 88481 | Zig:9    | Entered Level 9 of a ziggurat
 88502 | Zig:9    | Identified the -4 helmet of Zin's Castigation {Harm
                  | *Corrode rC+++ Will-}
 88516 | Zig:9    | Identified the ring "Guoc" {Wiz Dex+4}
 88531 | Zig:10   | Entered Level 10 of a ziggurat
 88537 | Zig:10   | Noticed a royal mummy
 88538 | Zig:10   | Noticed a royal mummy
 88546 | Zig:10   | Noticed a royal mummy
 88548 | Zig:10   | Found the +3 warlock's mirror {reflect}
 88549 | Zig:10   | Identified the +10 morningstar "Huick" {vorpal, rN+ Str-4
                  | Int+4 SInv}
 88551 | Zig:11   | Entered Level 11 of a ziggurat
 88626 | Zig:11   | Identified the +2 hat "Siton" {rElec rF+}
 88628 | Zig:11   | Identified the Incunabulum of the Rocks
 88630 | Zig:11   | Identified the +8 war axe "Horeahor" {vorpal, +Blink rC+
                  | Int+9 Dex-4}
 88643 | Zig:11   | Identified the Grimoire of Execration and the Birds
 88651 | Zig:12   | Entered Level 12 of a ziggurat
 88660 | Zig:12   | Noticed a royal mummy
 88664 | Zig:12   | Killed a royal mummy
 88668 | Zig:12   | Killed a royal mummy
 88741 | Zig:12   | Identified the amulet "Kacril" {Acrobat +Fly rElec Str-4
                  | Dex+2}
 88761 | Zig:13   | Entered Level 13 of a ziggurat
 88821 | Zig:13   | Identified Sif Muna's Handbook of Execration and Feathers
 88828 | Zig:13   | Identified the +6 great sword of Cheibriados's Scorn
                  | {drain, rF+ Dex+7}
 88832 | Zig:14   | Entered Level 14 of a ziggurat
 88914 | Zig:14   | Identified the amulet of Newki {RegenMP rN++}
 88957 | Zig:15   | Entered Level 15 of a ziggurat
 88999 | Zig:15   | Identified the +0 robe of Free Expression {rElec rC- Regen+
                  | Str-3}
 89000 | Zig:15   | Identified the quicksilver dragon scales "Varyrotz" {-Tele
                  | rPois rF++ Will+ rCorr}
 89006 | Zig:15   | Identified the +0 long sword of Reinforcement {freeze,
                  | Int+3}
 89021 | Zig:15   | Acquired the +2 shield of Resistance {rF++ rC++ Will++}
 89022 | Zig:15   | Found the +2 shield of Resistance {rF++ rC++ Will++}
 89035 | Zig:15   | Identified the +5 hunting sling of Disembowelment {freeze,
                  | +Blink MP+9 Str+6 Dex-3}
 89044 | Zig:16   | Entered Level 16 of a ziggurat
 89061 | Zig:16   | Reached skill level 5 in Shields
 89084 | Zig:16   | Acquired 867 gold pieces
 89091 | Zig:16   | Identified the +1 ring mail of Distipy {rF+ Regen+}
 89094 | Zig:16   | Identified the +10 triple sword "Fiuxymm" {freeze, *Corrode
                  | Int+8 Dex-4}
 89106 | Zig:16   | Identified the +6 rapier "Dragon's Demise" {antimagic, +Fly
                  | rN+ Will- Str+2}
 89194 | Zig:17   | Entered Level 17 of a ziggurat
 89228 | Zig:17   | Identified the +1 halberd of Esopukalu {holy, Int+6}
 89256 | Zig:17   | Identified the +4 battleaxe "Worm's Wrath" {freeze, rF+ rC-
                  | rN++ Will+}
 89262 | Zig:18   | Entered Level 18 of a ziggurat
 89321 | Zig:18   | Identified the ring of Woasch {rPois rN+ Int-5 Dex+2
                  | Slay+3}
 89326 | Zig:18   | Identified the ring "Jopyrgh" {AC+4 Dex+2}
 89329 | Zig:18   | Identified the +8 scimitar of Plunder {elec, +Fly}
 89368 | Zig:19   | Entered Level 19 of a ziggurat
 89440 | Zig:19   | Identified the Catalogue of Malediction and Weightlessness
 89468 | Zig:19   | Identified the ring of Spontaneous Combustion {rPois Str+2
                  | Dex+6 SInv}
 89475 | Zig:19   | Identified the Catalogue of Vitriolic Companions
 89479 | Zig:19   | Identified the Almanac of Companions and Curses
 89483 | Zig:19   | Identified the +6 fustibalus "Otat" {vorpal, rN++ Str+4
                  | Int-3 SInv}
 89645 | Zig:20   | Entered Level 20 of a ziggurat
 89667 | Zig:20   | Noticed an ancient lich
 89668 | Zig:20   | Noticed an ancient lich
 89670 | Zig:20   | Killed an ancient lich
 89672 | Zig:20   | Killed an ancient lich
 89687 | Zig:20   | Identified the +1 plate armour of Zongom {Rampage rCorr
                  | Str-4 Int-3}
 89697 | Zig:20   | Identified the Disquisition on Freezing Transmigration
 89699 | Zig:20   | Identified Fetzasam's Handbook of Summoning and the Birds
 89702 | Zig:20   | Identified the ring "Xoaleukk" {rElec rF+ rN+ Str-5}
 89715 | Zig:21   | Entered Level 21 of a ziggurat
 89751 | Zig:21   | Found the +18 shield of the Gong {rElec rN+ Will+ EV-5}
 89775 | Zig:21   | Identified Notit's Tome of Battle Magic
 89778 | Zig:21   | Identified the ring of the Endless Expanse {rC+ rN+ Dex+6}
 89781 | Zig:21   | Identified the +1 scale mail of Dishonesty {Harm Stlth+}
 89806 | Zig:21   | Identified the +4 hand axe "Seg Dyoh" {vorpal, *Slow rC+
                  | Str+3 Int+2}
 89816 | Zig:22   | Entered Level 22 of a ziggurat
 90243 | Zig:22   | Identified the +3 leather armour "Xeck" {+Blink Int+3}
 90271 | Zig:22   | Acquired a +1 eveningstar of flaming
 90288 | Zig:22   | Identified the +2 leather armour of Rihudam {rPois Str-3
                  | Int+4}
 90292 | Zig:22   | Identified the +10 rapier of Ancient Evil {protect, +Inv
                  | rC++}
 90297 | Zig:23   | Entered Level 23 of a ziggurat
 90313 | Zig:23   | Noticed a juggernaut
 90313 | Zig:23   | Noticed a juggernaut
 90314 | Zig:23   | Noticed a juggernaut
 90314 | Zig:23   | Noticed a juggernaut
 90315 | Zig:23   | Noticed a juggernaut
 90315 | Zig:23   | Noticed a juggernaut
 90316 | Zig:23   | Noticed a juggernaut
 90316 | Zig:23   | Noticed a juggernaut
 90318 | Zig:23   | Killed a juggernaut
 90318 | Zig:23   | Killed a juggernaut
 90318 | Zig:23   | Killed a juggernaut
 90318 | Zig:23   | Killed a juggernaut
 90319 | Zig:23   | Killed a juggernaut
 90319 | Zig:23   | Killed a juggernaut
 90319 | Zig:23   | Noticed a juggernaut
 90320 | Zig:23   | Killed a juggernaut
 90320 | Zig:23   | Killed a juggernaut
 90323 | Zig:23   | Killed a juggernaut
 90426 | Zig:23   | Identified the Handbook of Combat Magic
 90441 | Zig:23   | Identified the +0 robe of Elitism {rElec rF+ rC- Str+9}
 90442 | Zig:23   | Identified the +1 pair of gloves "Xuttogor" {Harm rF+
                  | Stlth-}
 90443 | Zig:23   | Identified the +7 long sword of Moalits {vorpal, rElec
                  | rPois}
 90517 | Zig:24   | Entered Level 24 of a ziggurat
 90540 | Zig:24   | Reached skill level 15 in Shields
 90556 | Zig:24   | Found the +8 arc blade {discharge, rElec}
 90584 | Zig:24   | Acquired 351 gold pieces
 90585 | Zig:24   | Acquired a manual of Earth Magic
 90590 | Zig:24   | Identified the +1 robe of Love and Death {*Drain +Fly
                  | Dex+4}
 90602 | Zig:24   | Identified the amulet of the Dancing Genius {+Inv rF+
                  | Regen+ SInv}
 90629 | Zig:25   | Entered Level 25 of a ziggurat
 90647 | Zig:25   | Noticed a dread lich
 90648 | Zig:25   | Noticed a dread lich
 90654 | Zig:25   | Killed a dread lich
 90654 | Zig:25   | Killed a dread lich
 90694 | Zig:25   | Identified the +4 flail of the Twisting Penguin {speed,
                  | Fragile rPois Dex+6}
 90696 | Zig:25   | Identified the +8 mace of Buc Bem {protect, *Contam rF++
                  | Str+4 SInv}
 90699 | Zig:25   | Identified the +8 short sword "Vutoec Jycet" {vorpal, *Slow
                  | MP+9 SInv}
 90705 | Zig:25   | Identified the +11 quarterstaff of Fate {vamp, +Blink rC+
                  | Int+4}
 90727 | Zig:26   | Entered Level 26 of a ziggurat
 90908 | Zig:26   | Found the +12 glaive of Prune {vorpal}
 90908 | Zig:26   | Found the +10 morningstar "Eos" {elec, Halo rElec}
 90913 | Zig:26   | Identified Dyedd's Papyrus of Toxic Bewitchment
 90917 | Zig:26   | Identified the ring of Qieddirph {+Fly rF- rN+ Int+3
                  | Stlth+}
 90928 | Zig:26   | Reached skill level 27 in Fighting
 90952 | Zig:26   | Identified the +4 shortbow "Sum Dozant" {vorpal, rF+ rN+
                  | Stlth+}
 91009 | Zig:27   | Entered Level 27 of a ziggurat
 91247 | Zig:27   | Identified the +1 scale mail of the Shoals {Str+3}
 91252 | Zig:27   | Identified the Guide on the Rocks and Calling
 91260 | Zig:27   | Identified the +0 longbow of the Final Decision {speed,
                  | Int+6}
 91261 | Zig:27   | Identified the amulet of Tifi {Acrobat rF+ Str+4}
 91275 | Zig:27   | Reached skill level 27 in Spellcasting
 91286 | Zig:27   | Identified the Guide on Arcane Weapons
 91288 | Zig:27   | Identified the +9 rapier of Tadumecki {vorpal, Int-4 Dex+6}
 91413 | Zig:1    | Entered Level 1 of a ziggurat
 91413 | Zig:1    | Found the necklace of Bloodlust {*Rage +Rage Will++ Int-3
                  | Slay+6}
 91441 | Zig:2    | Entered Level 2 of a ziggurat
 91571 | Zig:3    | Entered Level 3 of a ziggurat
 91572 | Zig:3    | Noticed a dread lich
 91576 | Zig:3    | Killed a dread lich
 91700 | Zig:3    | Identified the +5 pair of boots "Xaelaig" {rC+++ Will-
                  | rCorr Int-3}
 91708 | Zig:4    | Entered Level 4 of a ziggurat
 91713 | Zig:4    | Reached skill level 5 in Stealth
 91737 | Zig:5    | Entered Level 5 of a ziggurat
 91742 | Zig:5    | Found the amulet of the Four Winds {rN+ Will+++ Clar}
 91742 | Zig:5    | Noticed Gyleor the pandemonium lord
 91744 | Zig:5    | Killed Gyleor the pandemonium lord
 91866 | Zig:5    | Identified the +0 leather armour "Aliuhar" {rElec Will+}
 91871 | Zig:6    | Entered Level 6 of a ziggurat
 91893 | Zig:6    | Identified the +10 arbalest "Esmaesm" {vorpal, rN++}
 91899 | Zig:6    | Identified the ring of Vehumet's Generosity {AC+4 Str+5}
 91955 | Zig:7    | Entered Level 7 of a ziggurat
 91986 | Zig:7    | Identified the +4 quarterstaff "Ythrah" {vorpal, Will+
                  | Stlth+}
 91989 | Zig:8    | Entered Level 8 of a ziggurat
 92000 | Zig:8    | Noticed Geleg the pandemonium lord
 92004 | Zig:8    | Killed Geleg the pandemonium lord
 92110 | Zig:9    | Entered Level 9 of a ziggurat
 92248 | Zig:9    | Identified the +0 robe of Responsibility {rPois Will-
                  | Str+4}
 92252 | Zig:10   | Entered Level 10 of a ziggurat
 92305 | Zig:10   | Reached skill level 10 in Stealth
 92309 | Zig:10   | Identified the +4 rapier of Forced Transition {venom, rPois
                  | rF+ rN+ Will+}
 92325 | Zig:11   | Entered Level 11 of a ziggurat
 92331 | Zig:11   | Noticed an orb of fire
 92338 | Zig:11   | Gained mutation: You are very clumsy. (Dex -4) [an orb of
                  | fire]
 92339 | Zig:11   | Gained mutation: You are frail. (-10% HP) [an orb of fire]
 92344 | Zig:11   | Noticed an orb of fire
 92344 | Zig:11   | Noticed an orb of fire
 92345 | Zig:11   | Gained mutation: Your body sometimes deteriorates upon
                  | taking damage. [an orb of fire]
 92347 | Zig:12   | Entered Level 12 of a ziggurat
 92677 | Zig:12   | Lost mutation: Your body sometimes deteriorates upon taking
                  | damage. [potion of mutation]
 92677 | Zig:12   | Lost mutation: You are very clumsy. (Dex -4) [potion of
                  | mutation]
 92677 | Zig:12   | Gained mutation: You occasionally shout uncontrollably at
                  | your foes. [potion of mutation]
 92677 | Zig:12   | Lost mutation: You are frail. (-10% HP) [potion of
                  | mutation]
 92677 | Zig:12   | Gained mutation: You have a pair of small horns on your
                  | head. [potion of mutation]
 92677 | Zig:12   | Gained mutation: You have a somewhat thin skeletal
                  | structure. (Dex +2, Stealth) [potion of mutation]
 92684 | Zig:12   | Identified the ring "Zadidoh" {Will- rCorr Int+7 Dex+5}
 92688 | Zig:12   | Identified the +9 glaive "Biallil" {drain, Dex+2}
 92695 | Zig:12   | Identified the +4 quarterstaff of Diet Blood {flame, *Slow
                  | Int+6 Stlth+}
 92696 | Zig:12   | Identified the +3 war axe of the Beast {venom, rElec rC+
                  | Int-5}
 92710 | Zig:13   | Entered Level 13 of a ziggurat
 92721 | Zig:13   | Noticed a royal mummy
 92721 | Zig:13   | Noticed a royal mummy
 92721 | Zig:13   | Noticed a royal mummy
 92727 | Zig:13   | Killed a royal mummy
 92732 | Zig:13   | Killed a royal mummy
 92741 | Zig:13   | Killed a royal mummy
 92746 | Zig:13   | Noticed a royal mummy
 92761 | Zig:13   | Killed a royal mummy
 92766 | Zig:13   | Noticed a royal mummy
 92772 | Zig:13   | Killed a royal mummy
 93147 | Zig:13   | Identified the +7 whip of Jovvu {vorpal, *Corrode rPois rN+
                  | Stlth+}
 93152 | Zig:13   | Identified the +1 ring mail "Sydeit" {Dex+4 Stlth+}
 93158 | Zig:13   | Identified the +6 shortbow "Nuelas" {vorpal, +Fly rF+ rC+}
 93159 | Zig:13   | Identified Nimuckid's Grimoire of the Onion
 93168 | Zig:13   | Identified the ring of Yendor {+Blink rElec Str-2 Slay+4
                  | Stlth+}
 93172 | Zig:13   | Identified the +4 kite shield of Ennui {-Cast rC+ Int+6}
 93188 | Zig:14   | Entered Level 14 of a ziggurat
 93205 | Zig:14   | Reached skill level 15 in Stealth
 93205 | Zig:14   | Noticed Osuucux the pandemonium lord
 93211 | Zig:14   | Killed Osuucux the pandemonium lord
 93621 | Zig:14   | Identified the ring of New Discoveries {Str+2 SInv}
 93630 | Zig:14   | Identified the +1 pair of boots of Juczusch {Harm rElec
                  | rF+++ Slay-6}
 93634 | Zig:15   | Entered Level 15 of a ziggurat
 93681 | Zig:15   | Identified the ring "Sareschu" {Fire rPois Int+3}
 93686 | Zig:15   | Identified the +6 battleaxe "Alyoll" {protect, *Corrode rN+
                  | Int+4 Dex+3}
 93689 | Zig:15   | Identified the +3 glaive "Demonbane" {vorpal, rPois MP-9
                  | Dex+2}
 93692 | Zig:15   | Identified the ring of Moodiness {rPois rN+ Str-5 Int+7
                  | SInv}
 93698 | Zig:16   | Entered Level 16 of a ziggurat
 93864 | Zig:16   | Identified the ring of the Kangaroo {rF+ rN+}
 93868 | Zig:16   | Identified the ring "Moet" {Wiz Int+9 Dex-2 Slay+2 SInv}
 93882 | Zig:16   | Learned a level 8 spell: Lehudib's Crystal Spear
 93886 | Zig:16   | Identified the ring "Goeff" {rF- Will+ Str+6 Dex+4}
 93901 | Zig:16   | Learned a level 9 spell: Absolute Zero
 93903 | Zig:17   | Entered Level 17 of a ziggurat
 93919 | Zig:17   | Reached skill level 5 in Ice Magic
 93950 | Zig:17   | Identified the Disquisition on Envenoming and Shape
                  | Shifting
 93956 | Zig:17   | Identified the +6 plate armour of Hangman {Will+ rCorr
                  | Str-5 Dex-5 Stlth+}
 93957 | Zig:17   | Identified the Almanac of Feathers and Heat
 93972 | Zig:18   | Entered Level 18 of a ziggurat
 93983 | Zig:18   | Noticed a dread lich
 93988 | Zig:18   | Killed a dread lich
 93988 | Zig:18   | Noticed an ancient lich
 93989 | Zig:18   | Reached skill level 10 in Ice Magic
 93990 | Zig:18   | Killed an ancient lich
 93990 | Zig:18   | Noticed a dread lich
 93994 | Zig:18   | Killed a dread lich
 94008 | Zig:18   | Found the +9 sword of Zonguldrok {reap}
 94013 | Zig:18   | Identified the +1 helmet of Courage {Int+3}
 94035 | Zig:18   | Identified the +5 scale mail of Music {rF+ Dex+3}
 94038 | Zig:18   | Identified the ring of Para {*Slow Str+6 Int+4 Slay+4}
 94042 | Zig:18   | Identified the +8 tower shield "Foiquol" {+Blink rF+ Str-2
                  | Dex+4}
 94051 | Zig:19   | Entered Level 19 of a ziggurat
 94072 | Zig:19   | Reached skill level 27 in Earth Magic
 94079 | Zig:19   | Reached skill level 15 in Ice Magic
 94147 | Zig:19   | Identified the amulet of Midnight {Reflect rN+ Dex+2 SH+5}
 94152 | Zig:19   | Identified Jeres's Papyrus of the Birds and the Rocks
 94228 | Zig:20   | Entered Level 20 of a ziggurat
 94249 | Zig:20   | Noticed an ancient lich
 94249 | Zig:20   | Noticed a dread lich
 94250 | Zig:20   | Noticed an ancient lich
 94251 | Zig:20   | Noticed a dread lich
 94252 | Zig:20   | Noticed an ancient lich
 94252 | Zig:20   | Noticed an ancient lich
 94252 | Zig:20   | Noticed an ancient lich
 94253 | Zig:20   | Found the +7 Kryia's mail coat {PotionHeal*2 rC+}
 94254 | Zig:20   | Killed an ancient lich
 94254 | Zig:20   | Killed a dread lich
 94254 | Zig:20   | Killed an ancient lich
 94254 | Zig:20   | Killed an ancient lich
 94254 | Zig:20   | Killed an ancient lich
 94255 | Zig:20   | Killed an ancient lich
 94255 | Zig:20   | Killed a dread lich
 94276 | Zig:20   | Identified the ring "Resmis" {rC+ Will+ MP+9 Int+5 Dex+2}
 94291 | Zig:20   | Identified the Handbook of the Sinister Oath
 94297 | Zig:20   | Identified the +2 dagger "Duderau" {vorpal, *Drain rF+
                  | Str+4}
 94299 | Zig:20   | Identified the amulet "Ilioceux" {Faith *Slow rF+ rC+++
                  | Dex-5}
 94304 | Zig:20   | Identified the +1 ice dragon scales of Impatience {rF- rC++
                  | Int+2}
 94313 | Zig:21   | Entered Level 21 of a ziggurat
 94334 | Zig:21   | Noticed Hodwumif the pandemonium lord
 94335 | Zig:21   | Killed Hodwumif the pandemonium lord
 94336 | Zig:21   | Reached skill level 27 in Fire Magic
 94338 | Zig:21   | Killed from afar by a Hell Sentinel

Illustrated notes

Levels and vault maps discovered:
D:1:      minmay_arrival_wavy_path, layout_basic
D:2:      minmay_roachtagon, layout_basic
D:3:      layout_rooms, marbit_many_paths, uniq_jessica
D:4:      layout_cave_pools, corexii_hall_statues_l, small_statue_intersection,
          uniq_grinder
D:5:      lemuel_ratsnest, layout_basic, gammafunk_temple_overflow_pools,
          nicolae_qazlal_general_emergency, uniq_duvessa, uniq_sigmund
D:6:      layout_gridville, minmay_temple_entry_stoned_glass
D:7:      layout_loops_ring, kennysheep_mini
D:8:      layout_cave_pods, nicolae_ru_path_of_blood, serial_shops, shop_statue,
          dk_noncrumbling_2, hangedman_decor_diamond_cutter, uniq_harold
D:9:      layout_roguey, nicolae_elyvilon_temple_path, nzn_wu_jian_council_hall,
          lair_entry_dummy, minivault_13
D:10:     layout_long_grid, serial_shops, shop, serial_ice, serial_ice_k,
          serial_ice_e, serial_ice_f, serial_ice_g, small_chamber_with_monster
D:11:     layout_loops_corners, erik_orc_4, gammafunk_ghost_necromancy
D:12:     layout_loops_cross, uniq_kirke
D:13:     layout_roguey, grunt_vaults_entry_fortified, special_room
          [special_room_orc], serial_shops, shop, basic_altar,
          portal_ice_cave_demonic_guard
D:14:     layout_roguey, nicolae_hepliaklqana_hazy_memory, minmay_statues_item,
          disabler_island, uniq_josephine, uniq_azrael, uniq_louise
D:15:     grunt_enter_depths_hoard, layout_loops_ring, serial_shops,
          nicolae_shop_waterfront, serial_bayou_shore_b
Temple:   regret_index_temple_generic_petals
Lair:1:   gammafunk_lair_enchanted_lake, layout_chaotic_city, wad_woods_road_06,
          lemuel_fruit_tree
Lair:2:   layout_gridlike, swamp_mist, uniq_sonja
Lair:3:   layout_regular_city, guppyfry_snake_entry_garden, nzn_ghost_randoct
Lair:4:   layout_long_grid, serial_bayou_pond_d
Lair:5:   cheibrodos_lair_overgrown_chateau, layout_regular_city,
          grunt_megastairs_1
Lair:6:   evil_forest, layout_misc_corridors, slime_dummy, uniq_nessos
Swamp:1:  layout_basic_swamp, serial_swamp_ruin, evilmike_swamp_ruin_house_4,
          evilmike_swamp_ruin_house_2, evilmike_swamp_ruin_house_5
Swamp:2:  layout_falls_marsh, basic_altar, swamp_pool1
Swamp:3:  layout_basic_swamp, nicolae_swamp_trees_clearing, swamp_pool2,
          infiniplex_staircase_pool
Swamp:4:  swamp_alternative, layout_basic_swamp
Snake:1:  layout_chambers, basic_altar, drop_trap,
          nicolae_snake_salamander_stairs, minmay_shoptagon, uniq_agnes
Snake:2:  layout_misc_corridors
Snake:3:  layout_misc_corridors, gammafunk_ghost_cemetery, guppyfry_snake_island
Snake:4:  grunt_snake_rune_spirals, layout_onion,
          chequers_hall_statues_corner_a, serial_bayou_pond_b
Slime:1:  layout_caves, basic_altar
Slime:2:  layout_caves
Slime:3:  layout_caves
Slime:4:  layout_caves
Slime:5
Orc:1:    layout_diamond_mine, basic_altar, bloody_makhleb
Orc:2:    st_orc_pillars, layout_caves, ebering_ghost_disaster_area,
          serial_shops, shop, uniq_erolcha
Elf:1:    minmay_elf_arrival_circle, layout_rooms, serial_shops,
          bzr_entry_water, special_room [special_room_mythical_zoo],
          minmay_elf_sorcery, minivault_16, uniq_asterion
Elf:2:    layout_gridlike, serial_shops, nicolae_shop_behind_doors, basic_altar,
          einodemon_armed_red_devil_minivault, uniq_aizul
Elf:3:    minmay_elf_hall_quartered_circle, layout_loops_cross
Vaults:1: vaults_dpeg_diagonal, st_greater_box_3, ontoclasm_vaults_ring_square,
          grunt_vaults_focal, vaults_mumra_chevron, vaults_room_fours,
          nicolae_vaults_asterisk, layout_vaults_chaotic_city, serial_shops,
          shop
Vaults:2: vaults_room_door_ring, ontoclasm_vaults_ring_square,
          minmay_crypt_entry_skeletal_spiral, nicolae_vaults_mini_display_case,
          vaults_standard_mumra_x, v_pattern_4, ontoclasm_vaults_misaligned,
          vaults_dpeg_cross, nicolae_vaults_stairing_the_circle,
          nicolae_vaults_alarming, vaults_room_fancy_cross, v_misc_16,
          vaults_mumra_hexcomb, vaults_room_hangedman_quadrants,
          nicolae_vaults_angled_halls, ontoclasm_vaults_misaligned,
          layout_vaults_maze_snakey, serial_shops, shop_coins, uniq_bai_suzhen
Vaults:3: vaults_room_pool, v_pattern_1, ontoclasm_vaults_chip,
          nicolae_vaults_little_squares_5, nicolae_vaults_ninety_degrees,
          st_check, hangedman_vaults_corner, hangedman_vaults_maws,
          hangedman_vaults_restitches, ontoclasm_vaults_pinch,
          layout_vaults_omnibox, serial_shops, shop
Vaults:4: nicolae_vaults_three_branches, ontoclasm_vaults_hangar, v_misc_17,
          hangedman_vaults_hat, ontoclasm_vaults_ring_square,
          grunt_vaults_trifunnel, nicolae_vaults_disjoint_gnomons, v_misc_30,
          nicolae_vaults_network_star, vaults_mumra_lcd,
          nicolae_vaults_little_squares_1, sword_in_stone,
          ontoclasm_vaults_decontamination, vaults_room_stairs_pillars,
          layout_vaults_ring, basic_altar
Vaults:5
Crypt:1:  layout_gridlike
Crypt:2:  layout_chaotic_city, grunt_ministairs_4
Crypt:3:  quadcrypt_mu
Depths:1: layout_cave_pools, kennysheep_crisscross, pf_hell_entry_great_geh,
          hangedman_abyss_or_decor_stabs, drop_trap, hangedman_decor_lopped,
          minmay_misc_feat_alley, serial_bayou_ford_a, chequers_big_river,
          dpeg_stationary_puzzle, uniq_sojobo
Depths:2: due_chaos_kobolds, layout_basic, enter_ziggurat_d,
          hangedman_tar_grid_catacomb, glass_columns_a, serial_shops,
          shop_fountains, roderic_lattice_a, chequers_decorated_corner,
          uniq_enchantress, uniq_mara
Depths:3: constructs_gauntlet_mu_hangedman, layout_basic,
          minmay_misc_feat_columns, hell_entry, special_room
          [special_room_morgue], gammafunk_ghost_abyssal_escape, pan_entry,
          st_stairs_12, minivault_1, infiniplex_staircase_pool_2
Depths:4: grunt_twisty_corner, layout_small_grid, rand_demon_pan_entry_1,
          gammafunk_ghost_necromancy, abyss_entry_small_statue_room,
          glass_columns_a, hell_entry, serial_shops, shop
Depths:5: lemuel_castle_with_subvaults [lemuel_castle_interior_carwin_3],
          layout_gridlike, lemuel_statue_altar, hell_entry
Zig:21

Skill      XL: |  1  2  3  4  5  6  7  8  9 10 11 12 13 14 15 16 17 18 19 20 21 22 23 24 25 26 27 |
---------------+----------------------------------------------------------------------------------+-----
Earth Magic    | 4 5 6 7 8 9 10 11 12 13 14 15 16 17 18 19 20 21 22 27 | 27.0
Spellcasting   | 3 4 5 6 7 8 9 10 11 12 13 14 16 27 | 27.0
Conjurations   | 1 2 3 4 5 6 7 8 9 10 11 12 13 14 15 16 17 23 | 23.1
Armour         | 2 4 5 6 |  6.0
Fighting       | 2 4 5 6 7 9 10 11 12 13 14 15 16 17 27 | 27.0
Maces & Flails | 2 3 5 6 7 8 9 10 11 12 13 14 15 16 | 16.0
Dodging        | 2 3 4 5 6 7 8 9 10 11 12 13 14 15 | 15.0
Evocations     | 2 4 5 6 7 8 9 10 | 10.2
Fire Magic     | 1 8 13 15 16 17 18 19 27 | 27.0
Shields        | 4 15 | 15.0
Stealth        | 16 | 16.9
Ice Magic      | 15 | 15.0
Transmutations | |  0.7

Action                   |  1- 3 |  4- 6 |  7- 9 | 10-12 | 13-15 | 16-18 | 19-21 | 22-24 | 25-27 || total
-------------------------+-------+-------+-------+-------+-------+-------+-------+-------+-------++-------
Melee: Spear             |    56 |   101 |    77 |       |       |       |       |       |       ||   234
       Dagger            |    85 |       |       |       |       |       |       |       |       ||    85
       Flail             |       |       |   307 |   497 |   504 |   439 |       |   299 |   951 ||  2997
       Whip              |       |       |       |       |       |   304 |   418 |       |       ||   722
       Mace              |       |       |       |       |       |       |       |       |     5 ||     5
       Headbutt          |       |       |       |       |       |       |       |       |     4 ||     4
 Cast: Sandblast         |    17 |    16 |    29 |    70 |    48 |    13 |     5 |     1 |       ||   199
       Lee's Rapid Decon |       |       |     5 |    54 |    59 |    38 |    46 |    20 |    35 ||   257
       Stone Arrow       |       |       |     9 |   115 |   188 |     2 |     1 |       |       ||   315
       Starburst         |       |       |       |       |    64 |     3 |     1 |       |       ||    68
       Ignition          |       |       |       |       |     5 |    77 |    90 |    54 |   127 ||   353
       Iron Shot         |       |       |       |       |       |   174 |   151 |    85 |   283 ||   693
       Bolt of Magma     |       |       |       |       |       |       |    43 |    10 |    10 ||    63
       Shatter           |       |       |       |       |       |       |       |    55 |   381 ||   436
       Fire Storm        |       |       |       |       |       |       |       |       |    91 ||    91
       Absolute Zero     |       |       |       |       |       |       |       |       |     5 ||     5
 Abil: Fly               |       |       |       |       |     1 |       |       |       |       ||     1
       Evoke Invisibilit |       |       |       |       |       |       |       |       |     1 ||     1
Evoke: Condenser vane    |       |       |       |     1 |     2 |     2 |     1 |     2 |     2 ||    10
       Wand              |       |       |       |       |    18 |     9 |     1 |       |     1 ||    29
       Lightning rod     |       |       |       |       |       |       |     6 |     3 |     1 ||    10
       Tin of tremorston |       |       |       |       |       |       |       |     4 |     5 ||     9
       Figurine of a zig |       |       |       |       |       |       |       |       |     1 ||     1
  Use: Scroll            |       |     5 |    10 |    10 |    12 |     5 |     7 |     2 |    42 ||    93
       Potion            |       |       |     4 |     6 |    14 |     1 |     5 |       |    42 ||    72
 Stab: Sleeping          |     5 |     6 |     2 |     4 |     4 |     6 |       |       |     4 ||    31
       Distracted        |       |       |       |       |       |     2 |     1 |     2 |     3 ||     8
       Invisible         |       |       |       |       |       |       |       |       |     1 ||     1
       Confused          |       |       |       |       |       |       |       |       |     3 ||     3
Armor: Robe              |    45 |    39 |    13 |       |   378 |   462 |   249 |   191 |   683 ||  2060
       Leather armour    |       |       |   217 |   386 |    36 |       |       |       |    55 ||   694
Dodge: Dodged            |    62 |    74 |   282 |   486 |   524 |   598 |   354 |   274 |   926 ||  3580
Block: Buckler           |       |       |       |       |       |       |       |    68 |   340 ||   408
       Kite shield       |       |       |       |       |       |       |       |       |   104 ||   104

Table legend: (Time is in decaauts)
 A = Elapsed time spent in this place.
 B = Non-inter-level travel time spent in this place.
 C = Inter-level travel time spent in this place.
 D = Time resting spent in this place.
 E = Time spent auto-exploring this place.
 F = Levels seen in this place.
 G = Mean time per level.
                   A        B        C        D        E       F      G
               +--------+--------+--------+--------+--------+-----+--------+
         Total |  93883 |  87680 |   6203 |  22012 |  47305 | 106 |  885.7 |
       Dungeon |  25876 |  23697 |   2179 |   4802 |  14708 |  15 | 1725.1 |
        Temple |    155 |    126 |     29 |      0 |    117 |   1 |  155.0 |
          Lair |   9938 |   9140 |    798 |   1413 |   6216 |   6 | 1656.3 |
         Swamp |   3935 |   3805 |    130 |    848 |   2494 |   4 |  983.8 |
     Snake Pit |   9049 |   8359 |    690 |   1637 |   5110 |   4 | 2262.2 |
    Slime Pits |   1967 |   1919 |     48 |   1460 |     20 |   5 |  393.4 |
  Orcish Mines |   2598 |   2082 |    516 |     84 |   1594 |   2 | 1299.0 |
   Elven Halls |   5284 |   5080 |    204 |   1679 |   2322 |   3 | 1761.3 |
        Vaults |  11611 |  10954 |    657 |   2752 |   6509 |   5 | 2322.2 |
         Crypt |   4253 |   3976 |    277 |    534 |   2365 |   3 | 1417.7 |
        Depths |  10305 |   9635 |    670 |   2114 |   5673 |   5 | 2061.0 |
         Abyss |    794 |    794 |      0 |     77 |    101 |   3 |  264.7 |
      Ziggurat |   6141 |   6141 |      0 |   3243 |      0 |  48 |  127.9 |
        Bazaar |    304 |    304 |      0 |    198 |     40 |   1 |  304.0 |
      Ice Cave |   1667 |   1667 |      0 |   1170 |     36 |   1 | 1667.0 |
               +--------+--------+--------+--------+--------+-----+--------+

Top non-repeatable levels by time:
Vaults:4: 3245 daAuts
 Snake:1: 2937 daAuts
Vaults:2: 2888 daAuts
 Snake:4: 2868 daAuts
Depths:3: 2711 daAuts
Vaults:1: 2556 daAuts
    D:13: 2520 daAuts
    D:14: 2458 daAuts
Depths:4: 2432 daAuts
     D:9: 2348 daAuts
Depths:5: 2323 daAuts
   Elf:1: 2290 daAuts
 Crypt:3: 2194 daAuts
    D:15: 2150 daAuts
  Lair:1: 2080 daAuts
